 Dungeon Crawl Stone Soup version 0.18.1-47-g9310371 (webtiles) character file.

10369485 Shtopit the Demonic Barricade (level 27, 249/249 HPs)
             Began as a Demonspawn Fighter on June 16, 2016.
             Was the Champion of Ru.
             Escaped with the Orb
             ... and 15 runes on June 18, 2016!
             The game lasted 17:19:23 (167030 turns).

Shtopit the Demonic Barricade (DsFi)              Turns: 167030, Time: 17:19:24

Health: 249/249    AC: 67    Str: 39    XL:     27
Magic:  35/37      EV: 13    Int:  6    God:    Ru [******]
Gold:   19798      SH: 32    Dex:  9    Spells: 19 memorised, 17 levels left

rFire  + + +     SeeInvis +     g - +8 autumn katana {slice, Clar}
rCold  + + .     Gourm    .     J - +12 gold dragon armour
rNeg   + + +     Faith    .     l - +1 large shield {AC+3}
rPois  +         Spirit   .     (helmet unavailable)
rElec  +         Dismiss  .     D - +0 cloak of Qon Fammu {rN+++ Str+4 Dex-5 Stlth-}
rCorr  .         Reflect  +     i - +1 pair of gloves {Str+3}
SustAt .         Harm     .     Q - +4 pair of boots "Womuiwk" {rElec rPois Regen+}
MR     ++++.     Clarity  +     H - amulet "Beihys" {Reflect MR+ SH+2}
Stlth  .......... Rnd*Tele +    L - ring of the Frog {Str+7 Dex+4 SInv}
                                k - ring "Eqoewius" {rF+ MR+++ Int-3 SInv Stlth+}

@: incredibly resistant to hostile enchantments, extremely unstealthy
A: beak, horns 3, molten scales 3, camouflage 1, berserk 2, blurry vision 1,
clumsy 2, cold resistance 1, deterioration 2, dopey 2, icemail, low mp 3,
negative energy resistance 1, powered by pain 3, 50% torment resistance,
teleportitis 1, evolution 1, black mark, freezing cloud immunity, no stealth,
hated by all, no charms magic, no necromancy magic, no poison magic, reduced EV
1, magic vulnerability 2, disrupted magic 1
a: Draw Out Power, Power Leap, Apocalypse, Renounce Religion
0: Orb of Zot
}: 15/15 runes: serpentine, barnacled, slimy, silver, golden, iron, obsidian,
icy, bone, abyssal, demonic, glowing, magical, fiery, dark


You escaped.
You worshipped Ru.
Ru was exalted by your worship.
You were full.

You visited 17 branches of the dungeon, and saw 92 of its levels.
You visited Pandemonium 2 times, and saw 31 of its levels.
You visited the Abyss 11 times.
You visited 1 bazaar.
You visited 1 ziggurat, and saw 16 of its levels.
You also visited: Volcano and Wizlab.

You collected 22754 gold pieces.
You spent 2956 gold pieces at shops.

Inventory:

Hand Weapons
 g - the +8 autumn katana (weapon) {slice, Clar}
   (You found it on level 7 of Cocytus)

   It inflicts extra damage upon your enemies.
   It protects you against confusion.
 z - a +9 double sword of flaming
Armour
 i - a +1 pair of gloves of strength (worn)
 l - a +1 large shield of protection (worn)
 D - the +0 cloak of Qon Fammu (worn) {rN+++ Str+4 Dex-5 Stlth-}
   (You found it on level 16 of a ziggurat)

   It affects your strength (+4).
   It affects your dexterity (-5).
   It renders you almost immune to negative energy.
   It makes you less stealthy.
 J - a +12 gold dragon armour (worn)
 Q - the +4 pair of boots "Womuiwk" (worn) {rElec rPois Regen+}
   (You found it on level 8 of the Dungeon)

   It insulates you from electricity.
   It protects you from poison.
   It increases your rate of regeneration.
 S - the +0 cloak "Farphyasch" {+Fly Str+3}
   (You found it on level 3 of the Elven Halls)

   It affects your strength (+3).
   It lets you fly.
Rods
 A - a +4 rod of ignition (10/10)
   (You found it in Pandemonium)
 G - a +9 rod of clouds (14/14)
   (You found it on level 3 of the Crypt)
 M - a +5 rod of inaccuracy (14/14)
   (You found it on level 3 of the Crypt)
 V - a +9 lightning rod (16/16)
   (You found it on level 8 of the Lair of Beasts)
 Z - a +9 iron rod (17/17)
   (You took it off a deep elf demonologist on level 3 of the Elven Halls)
Jewellery
 d - the ring of the Mage {Wiz MR++ Int+3}
   (You found it on level 14 of a ziggurat)

   [ring of wizardry]

   It improves your spell success rate.
   It affects your intelligence (+3).
   It affects your resistance to hostile enchantments.
 k - the ring "Eqoewius" (left hand) {rF+ MR+++ Int-3 SInv Stlth+}
   (You took it off Antaeus on level 7 of Cocytus)

   [ring of stealth]

   It affects your intelligence (-3).
   It protects you from fire.
   It affects your resistance to hostile enchantments.
   It lets you see invisible.
   It makes you more stealthy.
 r - the ring of Eduugg {MR+ AC+2 Dex+2}
   (You took it off a red devil in Pandemonium)

   [ring of protection]

   It affects your AC (+2).
   It affects your dexterity (+2).
   It affects your resistance to hostile enchantments.
 u - the ring "Rugaef" {+Fly rC+ Str+2 SInv}
   (You found it on level 3 of the Elven Halls)

   [ring of see invisible]

   It affects your strength (+2).
   It protects you from cold.
   It lets you see invisible.
   It lets you fly.
 v - the amulet "Cakunig" {Dismiss rPois rF+}
   (You found it on level 3 of the Tomb of the Ancients)

   [amulet of dismissal]

   It may teleport away creatures that harm you.
   It protects you from fire.
   It protects you from poison.
 B - an uncursed amulet of rage
 C - an uncursed ring of resist corrosion
 H - the amulet "Beihys" (around neck) {Reflect MR+ SH+2}
   (You found it on level 3 of the Elven Halls)

   [amulet of reflection]

   It shields you and reflects attacks.
   It affects your resistance to hostile enchantments.
   It affects your SH (+2).
 K - an uncursed ring of sustain attributes
 L - the ring of the Frog (right hand) {Str+7 Dex+4 SInv}
   (You found it on level 3 of the Crypt)

   [ring of dexterity]

   It affects your strength (+7).
   It affects your dexterity (+4).
   It lets you see invisible.
 P - the amulet of Egomania {Reflect Str+3 Dex+5 SH+5}
   (You found it on level 4 of the Vaults)

   [amulet of reflection]

   It shields you and reflects attacks.
   It affects your strength (+3).
   It affects your dexterity (+5).
   It affects your SH (+5).
 T - the ring "Wuivahyr" {*Drain rC+ EV+2 Str+6}
   (You found it on level 16 of a ziggurat)

   [ring of evasion]

   It affects your evasion (+2).
   It affects your strength (+6).
   It protects you from cold.
   It causes draining when unequipped.
Wands
 p - a wand of hasting (4/9)
 w - a wand of disintegration (8/24)
 y - a wand of digging (19/24)
 F - a wand of heal wounds (9/9)
 I - a wand of teleportation (3/9)
 N - a wand of teleportation (9/9)
 W - a wand of hasting (4/9)
Scrolls
 b - 41 scrolls of remove curse
 c - 9 scrolls of silence
 h - 11 scrolls of fog
 j - 16 scrolls of fear
 m - 27 scrolls of teleportation
 R - 3 scrolls of magic mapping
 U - 12 scrolls of blinking
 X - 11 scrolls of identify
Potions
 a - 34 potions of curing
 n - 12 potions of haste
 o - 6 potions of flight
 q - 9 potions of magic
 s - 11 potions of agility
 t - 6 potions of resistance
 x - 12 potions of heal wounds
 O - 16 potions of might
 Y - 8 potions of invisibility
Comestibles
 f - 41 bread rations


   Skills:
 O Level 27 Fighting
 O Level 27 Long Blades
 - Level 1.0 Throwing
 O Level 27 Armour
 * Level 23.9 Dodging
 O Level 27 Shields
 - Level 1.0 Unarmed Combat
 O Level 27 Spellcasting
 * Level 25.9 Conjurations
 * Level 17.2 Hexes
 - Level 10.3 Translocations
 - Level 1.2 Transmutations
 + Level 2.9 Fire Magic
 + Level 1.7 Air Magic
 * Level 22.1 Earth Magic
 * Level 26.6 Evocations


You had 17 spell levels left.
You knew the following spells:

 Your Spells              Type           Power        Failure   Level  Hunger
a - Magic Dart            Conj           ####         1%          1    None
b - Searing Ray           Conj           #####.       1%          2    None
c - Apportation           Tloc           ###.......   1%          1    None
d - Blink                 Tloc           N/A          1%          2    None
e - Silence               Hex/Air        ###.......   14%         5    #####..
f - Slow                  Hex            ####....     1%          2    None
g - Passwall              Trmt/Erth      ###.......   1%          2    None
h - Stone Arrow           Conj/Erth      #####.       1%          3    None
i - Conjure Flame         Conj/Fire      ####....     1%          3    None
j - Gell's Gravitas       Hex/Tloc       ###.......   1%          3    None
k - Confuse               Hex            ####....     1%          3    None
l - Teleport Other        Tloc           ###.....     1%          3    None
m - Force Lance           Conj/Tloc      ####....     1%          4    ###....
n - Tukima's Dance        Hex            ####....     1%          3    None
o - Cause Fear            Hex            ####......   1%          4    ###....
q - Orb of Destruction    Conj           #####.....   1%          7    #######
r - Iron Shot             Conj/Erth      #####.....   1%          6    ######.
t - Yara's Violent Unrav  Hex/Trmt       ###.......   14%         5    #####..
u - Passage of Golubria   Tloc           N/A          2%          4    ###....


Dungeon Overview and Level Annotations

Branches:
Dungeon (15/15)            Temple (0/1) D:6            Lair (8/8) D:10
 Shoals (4/4) Lair:6        Snake (4/4) Lair:3        Slime (6/6) Lair:7
    Orc (2/2) D:12            Elf (3/3) Orc:2        Vaults (5/5) D:14
  Crypt (3/3) Vaults:2       Tomb (3/3) Crypt:3      Depths (5/5) D:15
   Hell (1/1)                 Dis (7/7) Hell            Geh (7/7) Hell
    Coc (7/7) Hell            Tar (7/7) Hell            Zot (5/5) Depths:5

Altars:
Ashenzari
Cheibriados
Dithmenos
Fedhas
Kikubaaqudgha
Makhleb
Nemelex Xobeh
Okawaru
Qazlal
Ru
Sif Muna
Trog
Zin
The Shining One
Beogh
Jiyva

Shops:
Orc:1 [   Orc:2 *(=[   Elf:1 :   Shoals:4 }=?(!   Snake:4 *   Depths:4 !

Portals:
Hell: Depths:1 Depths:2 Depths:3 Depths:4 Depths:5
Abyss: Depths:3 Depths:4
Pandemonium: Depths:3 Depths:5


Innate Abilities, Weirdness & Mutations

You have a pair of large horns on your head.
You are completely covered in molten scales (AC +4, EV -1, rF+).
Your flesh is cold resistant.
A meltable icy envelope protects you from harm (AC +10).
Your magical capacity is extremely low (-30% MP).
You resist negative energy.
You are powered by pain.
You are somewhat able to resist unholy torments (1 in 2 success).
Your melee attacks may debilitate your foes.
You are immune to freezing clouds.
You cannot be stealthy.
You are hated by all.
You cannot study or cast Charms magic.
You cannot study or cast Necromancy magic.
You cannot study or cast Poison magic.
You have somewhat slow reflexes. (EV -3)
You are vulnerable to magic.
Your casting is slightly disrupted.
You have a beak for a mouth.
Your skin changes colour to match your surroundings (Stealth).
You often lose your temper in combat.
Scrolls take you a little longer to read.
You are very clumsy. (Dex -4)
Your body often deteriorates upon taking damage.
You are very dopey. (Int -4)
You are occasionally teleported next to monsters.
You evolve.


Message History

Zapping:
y - a wand of digging (20/24)
Press: ? - help, Shift-Dir - straight line The rock shatters into small pieces.
This wand has 19 charges left.
A kobold comes into view. It is wielding a short sword.
You block the kobold's attack.
You closely miss the kobold. You headbutt the kobold.
You kill the kobold!
You see here a short sword.
Casting: Silence
Confirm with . or Enter, or press ? or * to list all spells.
Which direction?
You begin to meditate on the wall.
You continue meditating on the rock. x2
You finish merging with the rock.
Casting: Passwall
Confirm with . or Enter, or press ? or * to list all spells.
Which direction?
You begin to meditate on the wall.
You continue meditating on the rock. x2
You finish merging with the rock.
There is a staircase leading out of the dungeon here.
You have escaped!

.......#.#.##....#.#.##..........
.....###.#.#.##.P#.#.##..........
####.##P.#.#.#P.##.#.P#..........
#.###.#.#.##....#.##.......>.. #.#
#.#.##.####P#.##.......... #.#
#.##.##...###.##.......... ###.#
##.##.####...###.......... #...#
##.##...##P## #.......... #.###
##.###.@### #######.... #.#
#######..#### #.... #.#
#..........# #....
##.###.#####....# #....
#............#### ###....
#..###.####################....##
#..# #.# #....................#
...###.#####....................#
.รท#....#...'....................#


There were no monsters in sight!

Vanquished Creatures
  Cerebov (Pan)
  Antaeus (Coc:7)
  the Royal Jelly (Slime:6)
  Asmodeus (Geh:7)
  Ereshkigal (Tar:7)
  Gloorx Vloq (Pan)
  Ignacio (Pan)
  the Serpent of Hell (Geh:7)
  A seraph (Pan)
  Lom Lobon (Pan)
  Mnoleg (Pan)
  Dispater (Dis:7)
  The ghost of Liquid the Conqueror, a legendary OgHu of Kikubaaqudgha (Tomb:3)
  9 ancient liches
  Mennas (Depths:3)
  3 juggernauts
  The ghost of Liquid the Black Belt, a legendary DsCK of Xom (Tomb:2)
  An orb of fire (Zot:5)
  23 pandemonium lords (Pan)
  36 greater mummies
  Sojobo (Depths:1)
  Margery (Crypt:2)
  The ghost of Thrillho the Warrior, a veteran GrFE of Vehumet (Depths:4)
  52 shard shrikes
  Frederick (Crypt:3)
  2 curse toes (Zot:3)
  Saint Roka (Crypt:2)
  6 Killer Klowns
  Geryon (Hell)
  A caustic shrike (Depths:4)
  Jory (Vaults:3)
  16 golden dragons
  Nikola (Vaults:3)
  the Enchantress (Depths:2)
  13 iron giants
  3 profane servitors
  60 Brimstone Fiends
  A mutant beast (WizLab)
  2 pearl dragons (Pan)
  37 bone dragons
  Jorgrun (Elf:2)
  21 tentacled monstrosities
  6 electric golems
  26 doom hounds
  71 Tzitzimimeh
  The ghost of Britaniac the Minotaur Blade, an adept MiFi of Okawaru (Vaults:2)
  14 liches
  2 hellephants
  3 deep elf blademasters
  53 Ice Fiends
  27 Hell Sentinels
  21 Orb Guardians
  The ghost of dvd the Earth Mage, an adept GrEE of Vehumet (Snake:4)
  43 Executioners
  11 titans
  2 deep elf master archers (Elf:3)
  A kraken (Shoals:3)
  The ghost of PeterLawrence the Tortoise, an adept MiFi of Okawaru (Elf:2)
  Murray (Depths:5)
  16 tentacled starspawn
  16 eldritch tentacles
  4 quicksilver dragons
  22 acid blobs
  Gastronok (Lair:1)
  9 sphinxes
  24 storm dragons
  10 death cobs
  Agnes (Snake:4)
  7 ancient champions
  Kirke (Lair:6)
  9 tengu reavers
  26 shadow dragons
  9 revenants
  Wiglaf (Vaults:3)
  9 draconian monks
  24 daevas (Pan)
  Donald (Elf:1)
  Maud (Lair:8)
  13 iron dragons
  49 balrugs
  2 ghost moths
  9 azure jellies
  7 greater nagas
  Louise (Elf:1)
  10 vault wardens
  Aizul (Depths:3)
  16 fire giants
  14 deep elf sorcerers
  5 draconian scorchers
  An emperor scorpion (Depths:2)
  11 draconian knights
  12 draconian zealots
  5 deep elf elementalists
  16 black suns
  39 cacodemons
  10 frost giants
  23 angels (Pan)
  12 ghouls
  3 curse skulls
  An orc warlord (Orc:2)
  12 draconian shifters
  8 chaos champions (Pan)
  9 spriggan defenders
  18 warmongers (Pan)
  13 draconian annihilators
  13 ironheart preservers
  35 very ugly things
  13 draconian callers
  7 elemental wellsprings
  7 caustic shrike skeletons (Depths:2)
  154 reapers
  15 ophanim
  Nessos (Lair:6)
  15 war gargoyles
  8 bennus
  5 blood saints (Pan)
  26 stone giants
  23 salamander stormcallers
  36 apis (Pan)
  5 vampire knights
  12 black draconians
  17 green draconians
  13 deep elf demonologists
  9 deep elf annihilators
  23 lorocyprocas
  7 corrupters (Pan)
  14 purple draconians
  15 white draconians
  11 yellow draconians
  11 mottled draconians
  Azrael (Elf:2)
  6 eidola
  10 red draconians
  5 spark wasps
  7 merfolk javelineers
  74 blizzard demons
  5 death oozes
  9 deep elf death magi
  30 green deaths
  28 mummy priests
  An ettin (shapeshifter) (Vaults:5)
  14 quicksilver dragon zombies
  29 vault guards
  26 fire dragons
  12 ettins
  16 ogre magi
  9 merfolk impalers
  45 ice dragons
  12 rakshasas
  9 deep elf high priests
  27 jiangshi
  14 great orbs of eyes
  Fannar (D:12)
  3 kraken zombies
  4 entropy weavers
  9 quicksilver dragon skeletons
  A caustic shrike simulacrum (Zig:16)
  14 hell beasts
  15 naga warriors
  13 hydras
  A ghost crab (shapeshifter) (WizLab)
  18 yaktaur captains
  Erolcha (Volcano)
  2 ghost crabs
  11 spriggan air magi
  4 catoblepae
  21 monstrous demonspawn (Pan)
  13 anacondas
  6 merfolk aquamancers (Shoals:4)
  An alligator (shapeshifter) (WizLab)
  A satyr (Shoals:3)
  5 death knights
  2 alligators (Zig:13)
  3 tengu warriors
  17 centaur warriors
  3 merfolk avatars
  An orc high priest (Orc:2)
  17 vampire magi
  30 death yaks
  3 deep troll shamans
  28 dancing weapons
  10 shock serpents
  27 deep elf knights
  3 deep troll earth magi
  54 hell hogs
  144 sun demons
  21 naga sharpshooters
  Urug (Orc:2)
  11 spriggan berserkers
  21 thrashing horrors
  12 storm dragon zombies
  18 titan zombies
  16 iron golems
  110 soul eaters
  A hellephant skeleton (Crypt:2)
  3 iron trolls
  12 titan skeletons
  17 cherubim (Pan)
  105 hell knights
  12 shadow wraiths
  A fire crab (Vaults:3)
  16 death scarabs
  11 salamander mystics
  19 storm dragon skeletons
  4 spatial maelstroms
  313 skeletal warriors
  8 sea snakes
  36 flayed ghosts
  12 golden dragon zombies
  8 naga ritualists (Snake:4)
  50 shadow demons
  7 wretched stars
  7 ghost moth zombies
  2 quicksilver dragon simulacra
  4 death drakes
  An unseen horror (shapeshifter) (WizLab)
  3 giant orange brains
  23 gelid demonspawn (Pan)
  16 unseen horrors
  23 infernal demonspawn (Pan)
  7 deep trolls
  42 phantasmal warriors
  23 putrid demonspawn (Pan)
  22 shadow dragon zombies
  2 swamp dragons (Zig:13)
  8 hill giants
  9 spriggan druids
  32 anaconda zombies
  A shambling mangrove (Zig:13)
  20 torturous demonspawn (Pan)
  4 lindwurms (Snake:4)
  35 necromancers
  8 golden dragon skeletons
  12 orc knights
  11 harpies
  17 ironbrand convokers
  30 anubis guards
  10 deep elf archers
  An orb spider (shapeshifter) (Vaults:1)
  19 stone giant zombies
  16 iron dragon zombies
  13 anaconda skeletons
  12 wizards
  14 mana vipers
  47 ugly things
  A wolf spider (shapeshifter) (WizLab)
  15 manticores
  16 shadow dragon skeletons
  5 human zombies
  46 sixfirhies
  3 hornets
  An orb spider (Zig:5)
  16 wolf spider zombies
  6 orc sorcerers
  19 fire giant zombies
  10 shining eyes
  8 oklob plants (Zig:9)
  11 griffons
  4 worldbinders
  69 deep elf magi
  14 cyclopes
  16 frost giant zombies
  41 salamanders
  2 centaur zombies (D:15)
  83 rust devils
  19 frost giant skeletons
  13 vault sentinels
  9 iron dragon skeletons
  6 water nymphs
  40 moths of wrath
  9 sirens
  14 fire giant skeletons
  18 stone giant skeletons
  10 fauns
  3 black mambas (shapeshifter) (WizLab)
  6 apocalypse crabs
  3 elephants (Lair:8)
  12 dire elephant zombies
  14 guardian serpents
  4 ice statues
  22 naga magi
  5 shock serpent zombies
  2 gargoyles
  A storm dragon simulacrum (Coc:2)
  37 black mambas
  39 orange demons
  17 spiny frogs
  8 eyes of devastation
  A guardian serpent (shapeshifter) (Vaults:5)
  135 smoke demons
  2 shock serpent skeletons
  2 titan simulacra
  10 molten gargoyles
  A rime drake (shapeshifter) (WizLab)
  5 rime drakes
  11 dire elephant skeletons
  69 hellions
  70 freezing wraiths
  3 kobold demonologists
  6 emperor scorpion zombies
  134 tormentors
  20 efreet
  A death yak skeleton (Crypt:2)
  43 hellwings
  7 komodo dragons
  3 silent spectres
  43 yaktaurs
  34 demonic crawlers
  34 guardian mummies
  5 human skeletons
  3 komodo dragons (shapeshifter) (WizLab)
  2 anaconda simulacra
  8 ancient zymes
  4 catoblepas zombies
  93 red devils
  3 tengu conjurers
  2 spriggan skeletons
  A white draconian skeleton (Crypt:1)
  29 merfolk
  107 ice devils
  A queen bee (shapeshifter) (Vaults:5)
  12 trolls
  3 catoblepas skeletons
  Prince Ribbit (Lair:1)
  2 merfolk (shapeshifter)
  6 harpy zombies
  49 hydra zombies
  2 shadow dragon simulacra
  A tengu simulacrum (Vaults:4)
  2 trolls (shapeshifter)
  17 wind drakes
  15 alligator zombies
  A polar bear (shapeshifter) (WizLab)
  15 two-headed ogres
  6 harpy skeletons
  3 iron dragon simulacra
  3 polar bears
  119 slime creatures
  10 bog bodies
  36 raiju
  56 blink frogs
  2 blink frogs (shapeshifter) (WizLab)
  15 fire dragon zombies
  25 hydra skeletons
  125 large abominations
  14 ushabtiu
  11 air elementals
  A fire giant simulacrum (Coc:3)
  6 snapping turtles
  A stone giant simulacrum (Crypt:3)
  6 tarantellas
  358 flying skulls
  15 ettin zombies
  12 ice dragon zombies
  5 boulder beetles
  2 dire elephant simulacra
  10 fire dragon skeletons
  5 black mamba zombies
  A wyvern (shapeshifter) (Vaults:2)
  A shock serpent simulacrum (Crypt:3)
  2 redbacks (Zig:5)
  A vampire (D:11)
  45 spriggans
  A salamander simulacrum (Vaults:3)
  79 shadows
  A spriggan simulacrum (Depths:4)
  3 frost giant simulacra
  8 ice dragon skeletons
  77 wraiths
  11 alligator skeletons
  22 ettin skeletons
  55 yaks
  20 water elementals
  7 wyverns
  94 ynoxinuls
  51 fire elementals
  A hog (Lair:6)
  3 elf zombies
  6 fire bats
  A golden eye (shapeshifter) (WizLab)
  2 humans (shapeshifter)
  A purple draconian simulacrum (Crypt:1)
  11 golden eyes
  5 humans
  53 neqoxecs
  8 hippogriffs
  A hippogriff (shapeshifter) (WizLab)
  8 hungry ghosts
  6 black mamba skeletons
  4 hogs (shapeshifter) (WizLab)
  94 chaos spawn
  A steam dragon (D:15)
  17 vampire mosquitoes
  A yaktaur simulacrum (Vaults:1)
  4 basilisks
  A mottled dragon (shapeshifter) (WizLab)
  A harpy simulacrum (Tomb:1)
  2 mottled dragons
  A swamp worm (shapeshifter) (Vaults:5)
  9 insubstantial wisps
  3 merfolk zombies
  5 spatial vortices
  31 spiny frog zombies
  10 wargs
  2 hydra simulacra
  46 nagas
  Duvessa (D:6)
  19 water moccasins
  18 porcupines
  An orb spider zombie (Crypt:2)
  A putrid demonspawn skeleton (Geh:2)
  2 water nymph skeletons (Crypt:1)
  A giant eyeball (shapeshifter) (Depths:4)
  6 spiny frog skeletons
  3 swamp drakes
  8 giant eyeballs
  184 hell hounds
  An ice beast (shapeshifter) (Elf:2)
  4 sky beasts
  16 eyes of draining
  An alligator simulacrum (Hell)
  8 manticore zombies
  10 snapping turtle zombies
  4 ice dragon simulacra
  A black bear (shapeshifter) (WizLab)
  44 orc warriors
  4 black bears
  27 ice beasts
  50 ogres
  4 swamp dragon zombies
  21 boggarts
  19 centaurs
  59 necrophages
  A fire dragon simulacrum (Tar:5)
  24 phantoms
  5 wolves
  18 wasps
  16 crocodiles
  3 swamp dragon skeletons
  7 snapping turtle skeletons
  5 manticore skeletons
  2 big kobolds
  19 giant frogs
  Dowan (D:6)
  2 elf skeletons
  A wyvern zombie (Crypt:2)
  3 spiny frog simulacra
  6 earth elementals
  A wyvern skeleton (D:10)
  46 small abominations
  A spriggan zombie (Dis:3)
  6 killer bees
  2 scorpions
  A swamp dragon simulacrum (Coc:1)
  A human simulacrum (Vaults:1)
  241 wights
  3 electric eels
  3 howler monkeys
  21 crimson imps
  92 starcursed masses
  2 lava snakes (Volcano)
  5 quasits
  A two-headed ogre zombie (Crypt:1)
  A giant frog zombie (Crypt:2)
  41 jellies
  30 orc priests
  A wasp zombie (D:13)
  2 hounds
  56 iron imps
  34 orc wizards
  Crazy Yiuf (D:3)
  8 centaur skeletons
  A giant frog skeleton (D:4)
  8 iguanas
  A lightning spire (Zig:11)
  7 hell rats (Lair:5)
  11 worker ants
  A boulder beetle simulacrum (Vaults:3)
  60 sheep
  3 naga zombies
  2 ogre zombies
  4 ogre skeletons
  4 tengu skeletons
  A hound skeleton (D:7)
  53 mummies
  Robin (D:2)
  A worker ant zombie (D:10)
  3 gnolls (Orc:2)
  A gnoll (shapeshifter) (Depths:5)
  45 river rats
  14 adders
  26 shadow imps
  33 white imps
  3 ufetubi
  An ooze (D:3)
  An iguana zombie (Crypt:2)
  An adder skeleton (D:7)
  4 worms
  2 ball lightnings (Pan)
  A dart slug (D:2)
  6 giant geckos
  145 orcs
  8 bats
  7 giant cockroaches
  15 goblins
  25 hobgoblins
  9 jackals
  21 kobolds
  4 quokkas
  4 ball pythons
  A ball python skeleton (D:6)
  A giant gecko skeleton (D:7)
  A giant gecko zombie (D:6)
  5 giant newts
  A jackal zombie (Crypt:2)
  2 kobold zombies
  An orc skeleton (Coc:3)
  2 quokka skeletons
  11 rats
  4 crawling corpses
  An eldritch tentacle segment (Coc:4)
  6 fire vortices
  A fungus (Lair:8)
  2 lurking horrors (Abyss:3)
  8 plants
  12 starspawn tentacles
  A starspawn tentacle segment (Abyss:4)
  9 tentacles
  2 tentacle segments
9031 creatures vanquished.

Vanquished Creatures (others)
  A Killer Klown (Zot:3)
  A Tzitzimitl (Tar:4)
  2 bone dragons
  A Brimstone Fiend (Geh:3)
  A doom hound (Tar:4)
  2 Hell Sentinels
  Asterion (Snake:2)
  A deep elf master archer (Elf:3)
  A sphinx (Tomb:1)
  4 eldritch tentacles
  Ilsuiw (Shoals:4)
  A draconian knight (Zot:1)
  2 fire giants
  The ghost of raph the Bludgeoner, a journeyman MiFi of the Shining One (Shoals:2)
  A greater naga (Snake:4)
  2 draconian scorchers
  A balrug (Geh:7)
  2 deep elf sorcerers (Elf:3)
  A deep elf elementalist (Abyss:3)
  A warmonger (Pan)
  A draconian zealot (Zig:15)
  4 stone giants
  An ironheart preserver (Vaults:5)
  A vampire knight (Depths:4)
  A draconian caller (Zig:14)
  A green draconian (Depths:5)
  A salamander stormcaller (Geh:5)
  A black draconian (Zot:5)
  2 mottled draconians
  A red draconian (Zot:4)
  3 blizzard demons
  A jiangshi (Crypt:3)
  2 ettins
  2 monstrous demonspawn (Pan)
  An ice dragon (Zot:1)
  A quicksilver dragon skeleton (Crypt:1)
  A spriggan air mage (Pan)
  A hydra (D:14)
  2 centaur warriors
  A death yak (Lair:8)
  A satyr (Shoals:4)
  A tengu warrior (Depths:4)
  2 sun demons (Pan)
  4 hell hogs
  A soul eater (Pan)
  A hell knight (Depths:1)
  A deep elf knight (Elf:3)
  A wretched star (Abyss:3)
  Sonja (Lair:2)
  2 skeletal warriors
  8 death scarabs
  An unseen horror (Vaults:1)
  A deep elf archer (Elf:2)
  A hill giant (Zig:12)
  A kraken simulacrum (Coc:5)
  A golden dragon skeleton (Coc:2)
  4 deep elf magi
  2 anubis guards (Tomb:3)
  A shadow dragon skeleton (Geh:7)
  2 necromancers
  2 harpies (Shoals:4)
  A large abomination (Abyss:3)
  A mana viper (Snake:2)
  A manticore (Shoals:4)
  A griffon (Shoals:2)
  A cyclops (Shoals:4)
  A sixfirhy (Pan)
  A smoke demon (Pan)
  A rust devil (Hell)
  An orange demon (Pan)
  8 yaktaurs
  A kobold demonologist (D:15)
  2 freezing wraiths
  2 hellwings (Pan)
  A tengu conjurer (Depths:2)
  A tormentor (Coc:3)
  6 red devils
  A two-headed ogre (Vaults:3)
  A polar bear (Vaults:2)
  3 wind drakes (Pan)
  3 slime creatures
  3 fire dragon zombies
  A hydra skeleton (Coc:7)
  A blink frog (Lair:2)
  4 raiju
  An ettin skeleton (Geh:7)
  7 flying skulls
  A black mamba zombie (Dis:4)
  4 wraiths
  2 shadows
  A wyvern (D:12)
  A ynoxinul (Pan)
  2 spriggans
  2 small abominations
  A yak (Depths:2)
  A tarantella (shapeshifter) (WizLab)
  A fire elemental (Geh:6)
  3 chaos spawn
  2 hippogriffs
  A naga (Abyss:3)
  7 hell hounds
  A giant eyeball (Depths:4)
  An infernal demonspawn skeleton (Crypt:1)
  A water moccasin (Lair:7)
  4 orc warriors
  A swamp dragon zombie (Geh:1)
  A necrophage (Geh:7)
  A phantom (Geh:6)
  2 ogres
  A wasp (Depths:2)
  2 boggarts (Depths:2)
  A wolf (Lair:3)
  A crocodile (Lair:7)
  2 centaurs
  An earth elemental (Elf:2)
  11 wights
  5 starcursed masses (Zig:16)
  A crimson imp (D:14)
  An iron imp (Dis:7)
  A centaur skeleton (Tomb:3)
  A human skeleton (Geh:7)
  A sheep (Lair:8)
  7 mummies
  2 river rats (Lair:8)
  A shadow imp (Tar:7)
  A white imp (Abyss:4)
  9 ball lightnings (Pan)
  6 orcs
  2 bushes (Abyss:3)
  396 eldritch tentacle segments
  A fire vortex (Geh:6)
  5 fungi
  6 lost souls
  2 lurking horrors
  27 plants
  36 starspawn tentacles
  500 starspawn tentacle segments
  30 tentacles
  962 tentacle segments
2214 creatures vanquished.

Grand Total: 11245 creatures vanquished

Notes
Turn   | Place    | Note
--------------------------------------------------------------
     0 | D:1      | Shtopit the Demonspawn Fighter began the quest for the Orb.
     0 | D:1      | Reached XP level 1. HP: 18/18 MP: 1/1
   207 | D:1      | Gained mutation: Your flesh is cold resistant. [demonic ancestry]
   207 | D:1      | Reached XP level 2. HP: 21/24 MP: 2/2
   736 | D:1      | Reached XP level 3. HP: 29/29 MP: 3/3
  1063 | D:2      | Reached skill level 1 in Dodging
  1118 | D:2      | Noticed Robin
  1155 | D:2      | Gained mutation: You have a pair of small horns on your head. [demonic ancestry]
  1155 | D:2      | Reached XP level 4. HP: 5/35 MP: 4/4
  1161 | D:2      | Killed Robin
  1774 | D:2      | Found a shadowy altar of Dithmenos.
  2632 | D:3      | Reached XP level 5. HP: 37/41 MP: 5/5
  2767 | D:3      | Noticed Crazy Yiuf
  2777 | D:3      | Killed Crazy Yiuf
  3415 | D:3      | Gained mutation: You are partially covered in molten scales (AC +1). [demonic ancestry]
  3415 | D:3      | Reached XP level 6. HP: 39/48 MP: 6/6
  4004 | D:4      | Found a glowing silver altar of Zin.
  4107 | D:4      | Found a sacrificial altar of Ru.
  4107 | D:4      | Found a sparkling altar of Nemelex Xobeh.
  4208 | D:4      | Became a worshipper of Ru the Awakened
  4471 | D:4      | Gained mutation: You have a pair of horns on your head. [demonic ancestry]
  4471 | D:4      | Reached XP level 7. HP: 32/54 MP: 7/7
  4686 | D:5      | Entered Level 5 of the Dungeon
  4905 | D:5      | Found a shattered altar of Ashenzari.
  4940 | D:5      | Found a snail-covered altar of Cheibriados.
  5247 | D:5      | Reached skill level 5 in Shields
  5372 | D:5      | Found a stormy altar of Qazlal.
  6015 | D:6      | Gained mutation: You are mostly covered in molten scales (AC +3, EV -1). [demonic ancestry]
  6015 | D:6      | Reached XP level 8. HP: 56/61 MP: 8/8
  6260 | D:6      | Gained mutation: You cannot be stealthy. [Ru sacrifice]
  6344 | D:6      | Noticed Duvessa
  6345 | D:6      | Noticed Dowan
  6359 | D:6      | Killed Duvessa
  6359 | D:6      | Reached skill level 5 in Fighting
  6365 | D:6      | Killed Dowan
  6365 | D:6      | Reached skill level 5 in Armour
  6687 | D:6      | Found a staircase to the Ecumenical Temple.
  6715 | D:6      | Learned a level 1 spell: Magic Dart
  6815 | D:6      | Found a bloodstained altar of Trog.
  7197 | D:7      | Learned a level 2 spell: Searing Ray
  7320 | D:7      | Noticed a troll
  7690 | D:7      | Gained mutation: You sometimes gain a little power by taking damage. [demonic ancestry]
  7690 | D:7      | Reached XP level 9. HP: 40/68 MP: 9/9
  8125 | D:7      | Reached skill level 5 in Long Blades
  8299 | D:8      | Found a glowing golden altar of the Shining One.
  8540 | D:8      | Got a pair of scorched boots
  8573 | D:8      | Identified the +4 pair of boots "Womuiwk" {rElec rPois Regen+} (You found it on level 8 of the Dungeon)
  8611 | D:8      | Gained mutation: Your magical capacity is low (-10% MP). [Ru sacrifice]
  8611 | D:8      | Reached * piety under Ru
  9072 | D:9      | Found an iron altar of Okawaru.
  9425 | D:9      | Found a burning altar of Makhleb.
  9636 | D:9      | Reached XP level 10. HP: 76/77 MP: 9/9
  9787 | D:10     | Entered Level 10 of the Dungeon
 10040 | D:10     | Got a heavily runed leather armour
 10114 | D:10     | Noticed a manticore
 10114 | D:10     | Noticed a brown ugly thing
 10140 | D:11     | Reached skill level 5 in Dodging
 10268 | D:11     | Noticed a gargoyle
 10283 | D:11     | Killed a gargoyle
 10679 | D:11     | Gained mutation: You are hated by all. [Ru sacrifice]
 10679 | D:11     | Reached ** piety under Ru
 10875 | D:11     | Identified the +1 leather armour of the Other World {+Inv MP+9 Str-4} (You found it on level 10 of the Dungeon)
 11350 | D:10     | Killed a manticore
 11448 | D:10     | Noticed a hill giant
 11463 | D:10     | Killed a hill giant
 11463 | D:10     | Gained mutation: You resist negative energy. [demonic ancestry]
 11463 | D:10     | Reached XP level 11. HP: 82/84 MP: 9/9
 11485 | D:10     | Killed a brown ugly thing
 11502 | D:10     | Got a flickering iron ring
 11570 | D:10     | Found a staircase to the Lair.
 12080 | D:10     | Noticed an orc knight
 12103 | D:10     | Killed an orc knight
 12516 | D:12     | Gained mutation: Your casting is slightly disrupted. [Ru sacrifice]
 12702 | D:12     | Identified the ring "Viatt" {MP+9 Str+4 Dex-4 Slay-6 Stlth+} (You found it on level 10 of the Dungeon)
 13038 | D:12     | Noticed a green ugly thing
 13058 | D:12     | Killed a green ugly thing
 13058 | D:12     | Reached skill level 10 in Shields
 13171 | D:12     | Found a staircase to the Orcish Mines.
 13634 | D:12     | Noticed a hill giant
 13647 | D:12     | Killed a hill giant
 13647 | D:12     | Gained mutation: You have a pair of large horns on your head. [demonic ancestry]
 13647 | D:12     | Reached XP level 12. HP: 37/95 MP: 10/10
 13987 | D:13     | Gained mutation: You possess an exceptional clarity of mind. [potion of mutation]
 13987 | D:13     | Gained mutation: You are dopey. (Int -2) [potion of mutation]
 13987 | D:13     | Gained mutation: You have a beak for a mouth. [potion of mutation]
 14068 | D:13     | Found a blossoming altar of Fedhas.
 15373 | D:14     | Noticed an eight-headed hydra
 15379 | D:14     | Killed a six-headed hydra
 15379 | D:14     | Reached skill level 10 in Fighting
 15505 | D:14     | Reached skill level 10 in Long Blades
 15622 | D:14     | Noticed a centaur warrior
 15649 | D:14     | Killed a centaur warrior
 15685 | D:14     | Noticed an ogre mage
 15707 | D:14     | Killed an ogre mage
 15807 | D:14     | Found a gate to the Vaults.
 15978 | D:14     | Gained mutation: You sometimes gain power by taking damage. [demonic ancestry]
 15978 | D:14     | Reached XP level 13. HP: 104/104 MP: 11/11
 16117 | D:14     | Found a roughly hewn altar of Beogh.
 16358 | D:15     | Entered Level 15 of the Dungeon
 16372 | D:15     | Noticed an ettin
 16389 | D:15     | Killed an ettin
 16520 | D:15     | Found a staircase to the Depths.
 17005 | D:15     | Gained mutation: You are slightly vulnerable to magic. [Ru sacrifice]
 17005 | D:15     | Reached *** piety under Ru
 17640 | Lair:1   | Entered Level 1 of the Lair of Beasts
 17757 | Lair:1   | Noticed Gastronok
 17772 | Lair:1   | Killed Gastronok
 17881 | Lair:1   | Noticed Prince Ribbit
 17917 | Lair:1   | Killed Prince Ribbit
 18081 | Lair:1   | Reached XP level 14. HP: 113/113 MP: 12/12
 18440 | Lair:1   | Gained mutation: You have somewhat slow reflexes. (EV -3) [Ru sacrifice]
 18440 | Lair:1   | Reached **** piety under Ru
 18758 | Lair:2   | Noticed Sonja
 18773 | Lair:2   | Killed Sonja
 19513 | Lair:3   | Reached skill level 10 in Armour
 19848 | Lair:3   | Found a staircase to the Snake Pit.
 20295 | Lair:3   | Learned a level 1 spell: Apportation
 21080 | Lair:1   | Learned a level 2 spell: Blink
 21918 | Lair:6   | Found a staircase to the Shoals.
 22027 | Lair:6   | Found a dark tunnel.
 22036 | Volcano  | Entered a volcano
 22133 | Volcano  | Gained mutation: You are vulnerable to magic. [Ru sacrifice]
 22133 | Volcano  | Reached ***** piety under Ru
 22326 | Volcano  | Found a burning altar of Makhleb.
 22326 | Volcano  | Noticed Erolcha
 22331 | Volcano  | Killed Erolcha
 22460 | Volcano  | Learned a level 5 spell: Alistair's Intoxication
 22931 | Lair:6   | Noticed Nessos
 22976 | Lair:6   | Killed Nessos
 23147 | Lair:6   | Noticed Kirke
 23166 | Lair:6   | Killed Kirke
 23531 | Lair:7   | Found a staircase to the Slime Pits.
 23531 | Lair:7   | Found a viscous altar of Jiyva.
 23627 | Lair:7   | Reached XP level 15. HP: 60/121 MP: 13/13
 23938 | Lair:7   | Noticed an acid blob
 24043 | Lair:7   | Killed an acid blob
 24069 | Lair:7   | Gained mutation: You cannot study or cast Poison magic. [Ru sacrifice]
 24069 | Lair:7   | Gained mutation: You cannot study or cast Necromancy magic. [Ru sacrifice]
 24069 | Lair:7   | Gained mutation: You cannot study or cast Charms magic. [Ru sacrifice]
 24069 | Lair:7   | Reached ****** piety under Ru
 24763 | Lair:8   | Entered Level 8 of the Lair of Beasts
 25930 | Lair:8   | Noticed Maud
 25949 | Lair:8   | Killed Maud
 26255 | Orc:1    | Entered Level 1 of the Orcish Mines
 26255 | Orc:1    | Found Jarrunaq's Antique Armour Emporium.
 26255 | Orc:1    | Noticed Fannar
 26272 | D:12     | Killed Fannar
 26595 | Orc:2    | Entered Level 2 of the Orcish Mines
 27031 | Orc:2    | Gained mutation: You are immune to freezing clouds. [demonic ancestry]
 27031 | Orc:2    | Reached XP level 16. HP: 71/130 MP: 14/14
 27037 | Orc:2    | Noticed Urug
 27055 | Orc:2    | Killed Urug
 27223 | Orc:2    | Found a roughly hewn altar of Beogh.
 27247 | Orc:2    | Found Goevisea's Antique Armour Boutique.
 27299 | Orc:2    | Found Wyubonlu's Antique Weapon Boutique.
 27303 | Orc:2    | Found Odoih's General Store.
 27331 | Orc:2    | Found a staircase to the Elven Halls.
 27682 | Orc:2    | Found Peypt's Jewellery Boutique.
 28190 | Orc:2    | Bought a crude long sword for 221 gold pieces
 28224 | Orc:2    | Bought an uncursed ring of resist corrosion for 240 gold pieces
 28260 | Orc:2    | Bought the ring "Foeschomo" {rF+ SInv Stlth+} for 499 gold pieces
 28299 | Orc:2    | Identified the +11 long sword "Tygia" {pain, rElec Int+6} (You bought it in a shop on level 2 of the Orcish Mines)
 28313 | Elf:1    | Entered Level 1 of the Elven Halls
 28576 | Elf:1    | Noticed Louise
 28582 | Elf:1    | Cast into level 3 of the Abyss (Louise)
 28654 | Abyss:3  | Reached skill level 15 in Shields
 28680 | Abyss:3  | Noticed a tentacled starspawn
 28696 | Abyss:3  | Killed a tentacled starspawn
 28731 | Abyss:3  | Paralysed by accursed screaming for 1 turns
 28751 | Abyss:3  | Found a corrupted altar of Lugonu.
 28983 | Abyss:3  | Found a corrupted altar of Lugonu.
 28984 | Abyss:3  | Noticed a bone dragon
 29002 | Abyss:3  | Killed a bone dragon
 29045 | Abyss:3  | Noticed a tentacled starspawn
 29069 | Abyss:3  | Killed a tentacled starspawn
 29165 | Abyss:3  | Noticed a tentacled starspawn
 29181 | Abyss:3  | Killed a tentacled starspawn
 29183 | Abyss:3  | Noticed a lich
 29183 | Elf:1    | Escaped the Abyss
 29198 | Elf:1    | Killed Louise
 29389 | Elf:1    | Noticed Donald
 29395 | Elf:1    | Killed Donald
 29690 | Elf:1    | Found a deep blue altar of Sif Muna.
 29773 | Elf:1    | Found Sukischa's Book Shoppe.
 29846 | Elf:1    | Reached skill level 15 in Long Blades
 30382 | Elf:2    | Reached XP level 17. HP: 138/138 MP: 15/15
 30435 | Elf:2    | Found a huge runed gate.
 30435 | Elf:2    | Found a huge runed gate.
 30435 | Elf:2    | Found a huge runed gate.
 30436 | Elf:2    | Found a huge runed gate.
 30438 | Elf:2    | Found a huge runed gate.
 30602 | Elf:2    | Noticed PeterLawrence's ghost (adept MiFi)
 30703 | Elf:2    | Killed PeterLawrence's ghost
 31026 | Elf:2    | Noticed Jorgrun
 31049 | Elf:2    | Noticed a deep elf blademaster
 31053 | Elf:2    | Killed Jorgrun
 31057 | Elf:2    | Noticed Azrael
 31073 | Elf:2    | Killed a deep elf blademaster
 31083 | Elf:2    | Killed Azrael
 31432 | Elf:3    | Entered Level 3 of the Elven Halls
 32326 | Elf:3    | Cast into level 3 of the Abyss (a deep elf demonologist)
 32378 | Abyss:3  | Paralysed by accursed screaming for 1 turns
 32623 | Abyss:3  | Gained mutation: You are clumsy. (Dex -2) [a neqoxec]
 32655 | Elf:3    | Escaped the Abyss
 32666 | Elf:3    | Noticed a Brimstone Fiend
 32703 | Elf:3    | Cast into level 3 of the Abyss (a deep elf sorcerer)
 32703 | Abyss:3  | Found a corrupted altar of Lugonu.
 32946 | Abyss:3  | Noticed a bone dragon
 32970 | Abyss:3  | Killed a bone dragon
 32970 | Abyss:3  | Reached XP level 18. HP: 110/147 MP: 16/16
 33204 | Elf:3    | Escaped the Abyss
 33266 | Elf:3    | Noticed a Tzitzimitl
 33339 | Elf:3    | Reached skill level 15 in Fighting
 33776 | Elf:3    | Cast into level 2 of the Abyss (a deep elf sorcerer)
 33880 | Elf:3    | Escaped the Abyss
 34462 | Elf:3    | Got a clouded golden amulet
 34506 | Elf:3    | Gained mutation: Potions and wands are less effective at restoring your health. [a neqoxec]
 34631 | Elf:3    | Identified the amulet "Beihys" {Reflect MR+ SH+2} (You found it on level 3 of the Elven Halls)
 34640 | Elf:3    | Got a brightly glowing cloak
 34651 | Elf:3    | Identified the +0 cloak "Farphyasch" {+Fly Str+3} (You found it on level 3 of the Elven Halls)
 34756 | Elf:3    | Got a bound wooden ring
 34758 | Elf:3    | Identified the ring "Rugaef" {+Fly rC+ Str+2 SInv} (You found it on level 3 of the Elven Halls)
 34864 | Elf:3    | Identified a +4 rod of shadows (10/10) (You found it on level 3 of the Elven Halls)
 34915 | Elf:3    | Got a glittering diamond amulet
 34917 | Elf:3    | Identified the amulet of Qeasasch {Fragile +Blink +Rage rPois Int+3} (You took it off a deep elf sorcerer on level 3 of the Elven Halls)
 34948 | Elf:3    | Got a brightly glowing brass ring
 34969 | Elf:3    | Identified the ring "Upuk Tit" {Wiz *Drain rPois MP+9 Str+3} (You took it off a deep elf death mage on level 3 of the Elven Halls)
 35655 | Snake:1  | Entered Level 1 of the Snake Pit
 35834 | Snake:1  | Identified a +5 rod of clouds (13/13) (You took it off a deep elf death mage on level 3 of the Elven Halls)
 35905 | Snake:1  | Reached skill level 1 in Evocations
 36044 | Snake:1  | Reached XP level 19. HP: 155/155 MP: 17/17
 36248 | Snake:2  | Noticed Asterion
 36270 | Snake:2  | Killed Asterion
 38352 | Snake:4  | Entered Level 4 of the Snake Pit
 38519 | Snake:4  | Found Zaos's Assorted Antiques.
 38766 | Snake:4  | Found a glowing golden altar of the Shining One.
 39263 | Snake:4  | Noticed Agnes
 39270 | Snake:4  | Killed Agnes
 39825 | Snake:4  | Reached skill level 5 in Evocations
 40363 | Snake:4  | Reached XP level 20. HP: 160/164 MP: 21/21
 40493 | Snake:4  | Noticed dvd's ghost (adept GrEE)
 40514 | Snake:4  | Killed dvd's ghost
 40724 | Snake:4  | Got a serpentine rune of Zot
 41228 | Shoals:1 | Entered Level 1 of the Shoals
 41621 | Shoals:1 | Identified a +1 rod of shadows (10/10) (You found it on level 1 of the Shoals)
 42089 | Shoals:2 | Noticed raph's ghost (journeyman MiFi)
 42109 | Shoals:2 | Killed raph's ghost
 43692 | Shoals:4 | Entered Level 4 of the Shoals
 43692 | Shoals:4 | Found Wietik's Distillery.
 43702 | Shoals:4 | Bought a potion of curing for 45 gold pieces
 43702 | Shoals:4 | Bought a potion of curing for 45 gold pieces
 43864 | Shoals:4 | Got a barnacled rune of Zot
 43870 | Shoals:4 | Noticed Ilsuiw
 43888 | Shoals:4 | Killed Ilsuiw
 44098 | Shoals:4 | Identified a scroll of acquirement
 44117 | Shoals:4 | Got a twisted plate armour
 44118 | Shoals:4 | Identified the +8 plate armour "Noklutac" {+Inv rN+} (You acquired it on level 4 of the Shoals)
 44601 | Shoals:4 | Found Joevvepy's Antique Weapon Emporium.
 44787 | Shoals:4 | Found Dozathryi's Magic Scroll Shop.
 44789 | Shoals:4 | Found Raefan's Jewellery Emporium.
 44837 | Shoals:4 | Bought a scroll of blinking for 90 gold pieces
 44862 | Shoals:4 | Found Suasant's Gadget Emporium.
 45371 | Shoals:4 | Bought a scroll of acquirement for 624 gold pieces
 45372 | Shoals:4 | Got a warped cloak
 45373 | Shoals:4 | Identified the +1 cloak "Vifream" {rPois rN+} (You acquired it on level 4 of the Shoals)
 45772 | Vaults:1 | Entered Level 1 of the Vaults
 45848 | Vaults:1 | Found a flickering gateway to a bazaar.
 45863 | Bazaar   | Entered a bazaar
 45867 | Bazaar   | Found Gumumpur's Assorted Antiques.
 45890 | Bazaar   | Found Jexzoedi's Book Shoppe.
 45917 | Bazaar   | Found Punweobb's Food Boutique.
 45940 | Bazaar   | Found Fekecats's Food Emporium.
 45969 | Bazaar   | Bought a scroll of teleportation for 69 gold pieces
 45969 | Bazaar   | Bought a potion of curing for 69 gold pieces
 45969 | Bazaar   | Bought a scroll of fear for 80 gold pieces
 45969 | Bazaar   | Bought a potion of heal wounds for 115 gold pieces
 45969 | Bazaar   | Bought a pair of embroidered gloves for 103 gold pieces
 46231 | Vaults:1 | Gained mutation: You are powered by pain. [demonic ancestry]
 46231 | Vaults:1 | Reached XP level 21. HP: 172/172 MP: 24/24
 47622 | Vaults:2 | Found a staircase to the Crypt.
 47924 | Vaults:2 | Noticed Britaniac's ghost (adept MiFi)
 47962 | Vaults:2 | Killed Britaniac's ghost
 48455 | Crypt:1  | Entered Level 1 of the Crypt
 48786 | Crypt:1  | Found a magical portal.
 48801 | WizLab   | Entered Cigotuvi's Fleshworks
 49037 | WizLab   | Identified Sif Muna's Compendium of Changing
 49039 | WizLab   | Identified Cigotuvi's Disquisition on Dark Transmigration
 49591 | WizLab   | Paralysed by a giant eyeball for 3 turns
 49635 | WizLab   | Paralysed by a giant eyeball for 2 turns
 49674 | WizLab   | Got a shimmering jade ring
 49690 | WizLab   | Identified the ring "Hudu" {Ice Fragile +Inv rN+ Dex+2} (You found it in a wizard's laboratory)
 49729 | WizLab   | Reached skill level 10 in Evocations
 49827 | WizLab   | Gained mutation: Armour fits poorly on your strangely shaped body. [potion of mutation]
 49827 | WizLab   | Gained mutation: Your body sometimes deteriorates upon taking damage. [potion of mutation]
 49827 | WizLab   | Gained mutation: Your magical capacity is very low (-20% MP). [potion of mutation]
 49828 | WizLab   | Gained mutation: Your muscles are strong. (Str +2) [potion of mutation]
 49828 | WizLab   | Lost mutation: You are dopey. (Int -2) [potion of mutation]
 49828 | WizLab   | Gained mutation: Your system is resistant to poisons. [potion of mutation]
 49829 | WizLab   | Gained mutation: You are occasionally teleported next to monsters. [potion of mutation]
 49829 | WizLab   | Gained mutation: You are frail (-10% HP). [potion of mutation]
 49829 | WizLab   | Gained mutation: Your magical capacity is extremely low (-30% MP). [potion of mutation]
 49830 | WizLab   | Gained mutation: You expend magic power (3 MP) to strengthen your wands. [potion of mutation]
 49830 | WizLab   | Gained mutation: You have supernaturally acute eyesight. [potion of mutation]
 49831 | WizLab   | Gained mutation: You tend to lose your temper in combat. [potion of mutation]
 49831 | WizLab   | Gained mutation: You are completely covered in molten scales (AC +4, EV -1, rF+). [potion of mutation]
 49832 | WizLab   | Gained mutation: You are very frail (-20% HP). [potion of mutation]
 49832 | WizLab   | Gained mutation: You are very clumsy. (Dex -4) [potion of mutation]
 49832 | WizLab   | Gained mutation: You are somewhat resistant to further mutation. [potion of mutation]
 49834 | WizLab   | Gained mutation: You are covered in fur (AC +1). [potion of mutation]
 49834 | WizLab   | Lost mutation: Your magical capacity is extremely low (-30% MP). [potion of mutation]
 49835 | WizLab   | Lost mutation: Your muscles are strong. (Str +2) [potion of mutation]
 49835 | WizLab   | Gained mutation: Your body often deteriorates upon taking damage. [potion of mutation]
 49836 | WizLab   | Gained mutation: Your spells are a little easier to cast, but a little less powerful. [potion of mutation]
 49837 | WizLab   | Gained mutation: You are covered in thick fur (AC +2). [potion of mutation]
 49838 | WizLab   | Gained mutation: You often lose your temper in combat. [potion of mutation]
 49839 | WizLab   | Lost mutation: You are very frail (-20% HP). [potion of mutation]
 49840 | WizLab   | Lost mutation: Your body often deteriorates upon taking damage. [potion of cure mutation]
 49840 | WizLab   | Lost mutation: Your body sometimes deteriorates upon taking damage. [potion of cure mutation]
 49840 | WizLab   | Lost mutation: You are occasionally teleported next to monsters. [potion of cure mutation]
 50658 | Crypt:2  | Gained mutation: You are somewhat able to resist unholy torments (1 in 2 success). [demonic ancestry]
 50658 | Crypt:2  | Reached XP level 22. HP: 125/161 MP: 23/23
 51011 | Crypt:2  | Paralysed by a vampire knight for 4 turns
 51045 | Crypt:2  | Noticed Margery
 51072 | Crypt:2  | Killed Margery
 51531 | Crypt:3  | Entered Level 3 of the Crypt
 51531 | Crypt:3  | Noticed Saint Roka
 51566 | Crypt:2  | Killed Saint Roka
 51857 | Crypt:3  | Noticed Frederick
 51871 | Crypt:3  | Killed Frederick
 52006 | Crypt:3  | Found an ancient bone altar of Kikubaaqudgha.
 52516 | Crypt:3  | Found a staircase to the Tomb.
 52516 | Crypt:3  | Noticed an ancient lich
 52516 | Crypt:3  | Paralysed by an ancient lich for 6 turns
 52524 | Crypt:3  | Paralysed by an ancient lich for 4 turns
 52534 | Crypt:3  | Killed an ancient lich
 52715 | Crypt:3  | Identified a +7 rod of clouds (11/11) (You found it on level 3 of the Crypt)
 52737 | Crypt:3  | Identified a +5 rod of inaccuracy (14/14) (You found it on level 3 of the Crypt)
 53012 | Crypt:3  | Got a scorched long sword
 53014 | Crypt:3  | Identified the +10 long sword "Zasorgh" {flame, rN+ MR+} (You found it on level 3 of the Crypt)
 53113 | Crypt:3  | Got a warped tin ring
 53114 | Crypt:3  | Identified the ring of the Frog {Str+7 Dex+4 SInv} (You found it on level 3 of the Crypt)
 53539 | Vaults:3 | Paralysed by a sphinx for 6 turns
 53682 | Vaults:3 | Gained mutation: A meltable icy envelope protects you from harm (AC +10). [demonic ancestry]
 53682 | Vaults:3 | Reached XP level 23. HP: 169/169 MP: 25/25
 54008 | Vaults:3 | Noticed Wiglaf
 54010 | Vaults:3 | Noticed Jory
 54020 | Vaults:3 | Killed Wiglaf
 54026 | Vaults:3 | Killed Jory
 54623 | Vaults:3 | Found a shattered altar of Ashenzari.
 54942 | Vaults:3 | Noticed Nikola
 54952 | Vaults:3 | Killed Nikola
 56400 | Vaults:5 | Entered Level 5 of the Vaults
 56676 | Vaults:5 | Cast into level 3 of the Abyss (a deep elf demonologist)
 56838 | Abyss:3  | Reached XP level 24. HP: 174/177 MP: 26/26
 56932 | Vaults:5 | Escaped the Abyss
 57030 | Vaults:5 | Noticed an ancient lich
 57068 | Vaults:5 | Cast into level 3 of the Abyss (a deep elf demonologist)
 57207 | Abyss:4  | Found a corrupted altar of Lugonu.
 57525 | Vaults:5 | Escaped the Abyss
 57538 | Vaults:4 | Killed an ancient lich
 57622 | Vaults:5 | Cast into level 2 of the Abyss (a deep elf demonologist)
 57819 | Vaults:5 | Escaped the Abyss
 58038 | Vaults:4 | Got a fine crystal amulet
 58485 | Vaults:5 | Got a silver rune of Zot
 58854 | Vaults:5 | Identified the amulet of Egomania {Reflect Str+3 Dex+5 SH+5} (You found it on level 4 of the Vaults)
 59915 | Depths:1 | Entered Level 1 of the Depths
 60036 | Depths:1 | Paralysed by a great orb of eyes for 3 turns
 60045 | Depths:1 | Paralysed by a great orb of eyes for 2 turns
 60158 | Depths:1 | Found a shattered altar of Ashenzari.
 60187 | Depths:1 | Found a gateway to Hell.
 60229 | Depths:1 | Reached XP level 25. HP: 184/184 MP: 26/26
 60323 | Depths:1 | Noticed Sojobo
 60339 | Depths:1 | Killed Sojobo
 60969 | Depths:2 | Paralysed by a giant eyeball for 4 turns
 61283 | Depths:2 | Noticed the Enchantress
 61304 | Depths:2 | Killed the Enchantress
 62521 | Depths:2 | Found a bloodstained altar of Trog.
 62824 | Depths:2 | Got a faerie dragon armour
 62835 | Depths:2 | Identified the +5 faerie dragon armour {rPois MP+9} (You took it off the Enchantress on level 2 of the Depths)
 62911 | Depths:3 | Found a one-way gate to the infinite horrors of the Abyss.
 63052 | Depths:3 | Reached skill level 15 in Evocations
 63187 | Depths:3 | Noticed Aizul
 63211 | Depths:3 | Killed Aizul
 63211 | Depths:3 | Reached skill level 15 in Armour
 63545 | Depths:3 | Found a one-way gate leading to the halls of Pandemonium.
 63693 | Depths:3 | Noticed Mennas
 63726 | Depths:3 | Killed Mennas
 63932 | Depths:3 | Voluntarily entered the Abyss.
 63958 | Abyss:1  | Noticed an ancient lich
 64037 | Abyss:3  | Found a corrupted altar of Lugonu.
 64048 | Abyss:3  | Got an abyssal rune of Zot
 64121 | Abyss:3  | Paralysed by an apocalypse crab for 3 turns
 64156 | Depths:3 | Escaped the Abyss
 64439 | Depths:4 | Gained mutation: Your melee attacks may debilitate your foes. [demonic ancestry]
 64439 | Depths:4 | Reached XP level 26. HP: 37/188 MP: 27/27
 64645 | Depths:4 | Noticed Thrillho's ghost (veteran GrFE)
 64659 | Depths:4 | Killed Thrillho's ghost
 65177 | Depths:4 | Noticed a juggernaut
 65194 | Depths:4 | Killed a juggernaut
 65195 | Depths:4 | Paralysed by a lich for 6 turns
 65873 | Depths:4 | Found Miseutre's Distillery.
 65884 | Depths:4 | Bought a potion of cancellation for 144 gold pieces
 65884 | Depths:4 | Bought a potion of haste for 180 gold pieces
 65884 | Depths:4 | Bought a potion of haste for 180 gold pieces
 65884 | Depths:4 | Bought a potion of curing for 54 gold pieces
 65884 | Depths:4 | Bought a potion of curing for 54 gold pieces
 65884 | Depths:4 | Bought a potion of cancellation for 144 gold pieces
 66106 | Depths:5 | Entered Level 5 of the Depths
 66115 | Depths:5 | Paralysed by a great orb of eyes for 5 turns
 66305 | Depths:5 | Found a gateway to a ziggurat.
 66617 | Depths:5 | Found a gate to the Realm of Zot.
 67267 | Zot:1    | Entered Level 1 of the Realm of Zot
 67396 | Zot:1    | Mutation became permanent: You are completely covered in molten scales (AC +4, EV -1, rF+). [demonic ancestry]
 67396 | Zot:1    | Reached XP level 27. HP: 195/195 MP: 27/27
 67599 | Zot:1    | Lost mutation: Your magical capacity is very low (-20% MP). [potion of cure mutation]
 67599 | Zot:1    | Lost mutation: You often lose your temper in combat. [potion of cure mutation]
 67599 | Zot:1    | Lost mutation: You are covered in thick fur (AC +2). [potion of cure mutation]
 67599 | Zot:1    | Lost mutation: You expend magic power (3 MP) to strengthen your wands. [potion of cure mutation]
 67600 | Zot:1    | Lost mutation: You possess an exceptional clarity of mind. [potion of cure mutation]
 67600 | Zot:1    | Lost mutation: You tend to lose your temper in combat. [potion of cure mutation]
 67600 | Zot:1    | Lost mutation: You are frail (-10% HP). [potion of cure mutation]
 67600 | Zot:1    | Lost mutation: You are very clumsy. (Dex -4) [potion of cure mutation]
 67600 | Zot:1    | Lost mutation: Armour fits poorly on your strangely shaped body. [potion of cure mutation]
 67600 | Zot:1    | Lost mutation: You are somewhat resistant to further mutation. [potion of cure mutation]
 71349 | Zot:4    | Got a steaming bone amulet
 71350 | Zot:4    | Identified the amulet of Vasar {Harm *Drain Dex+6} (You found it on level 4 of the Realm of Zot)
 72094 | Hell     | Entered the Vestibule of Hell
 72094 | Hell     | Noticed Murray
 72094 | Hell     | Noticed Geryon
 72160 | Depths:5 | Killed Murray
 72480 | Hell     | Killed Geryon
 73160 | Hell     | Found a gateway to the ashen valley of Gehenna.
 73238 | Hell     | Found a gateway to the freezing wastes of Cocytus.
 73298 | Hell     | Found a gateway to the decaying netherworld of Tartarus.
 73380 | Hell     | Found a gateway to the Iron City of Dis.
 73405 | Dis:1    | Entered Level 1 of the Iron City of Dis
 77246 | Dis:4    | Found a burning altar of Makhleb.
 80111 | Dis:6    | Reached skill level 27 in Shields
 80774 | Dis:7    | Entered Level 7 of the Iron City of Dis
 83574 | Dis:7    | Reached skill level 27 in Long Blades
 84126 | Dis:7    | Noticed Dispater
 84157 | Dis:7    | Killed Dispater
 84186 | Dis:7    | Got an iron rune of Zot
 84650 | Coc:1    | Entered Level 1 of Cocytus
 89407 | Coc:3    | Reached skill level 27 in Fighting
 92277 | Coc:6    | HP: 8/234 [shard shrike/shard of ice (20)]
 92286 | Coc:6    | HP: 10/249 [reaper/scythe of venom (20)]
 93293 | Coc:7    | Entered Level 7 of Cocytus
 94703 | Coc:7    | Noticed Antaeus
 95108 | Coc:7    | Killed Antaeus
 95110 | Coc:7    | Got a smoking marble ring
 95111 | Coc:7    | Identified the ring "Eqoewius" {rF+ MR+++ Int-3 SInv Stlth+} (You took it off Antaeus on level 7 of Cocytus)
 95122 | Coc:7    | Got a shimmering falchion {flame}
 95123 | Coc:7    | Identified the cursed +3 falchion of Eternal Vigilance {flame, rElec Int+4} (You took it off Antaeus on level 7 of Cocytus)
 95168 | Coc:7    | Got an icy rune of Zot
 95183 | Coc:7    | Learned a level 2 spell: Slow
 95273 | Coc:7    | Gained mutation: You evolve. [potion of beneficial mutation]
 95274 | Coc:7    | Gained mutation: You are robust (+10% HP). [potion of beneficial mutation]
 95928 | Geh:1    | Entered Level 1 of Gehenna
 99100 | Geh:3    | Gained mutation: You can translocate small distances at will. [evolution]
 99327 | Geh:3    | Reached skill level 27 in Armour
 99376 | Geh:3    | Reached skill level 1 in Conjurations
 99415 | Geh:3    | Reached skill level 1 in Hexes
 99435 | Geh:3    | Reached skill level 1 in Transmutations
 99438 | Geh:3    | Reached skill level 1 in Unarmed Combat
 99476 | Geh:3    | Reached skill level 1 in Throwing
 99476 | Geh:3    | Reached skill level 1 in Spellcasting
 99476 | Geh:3    | Reached skill level 1 in Translocations
100023 | Geh:3    | Reached skill level 5 in Conjurations
100306 | Geh:4    | Reached skill level 5 in Spellcasting
100323 | Geh:4    | Reached skill level 5 in Translocations
102557 | Geh:5    | Gained mutation: You possess an exceptional clarity of mind. [evolution]
102826 | Geh:5    | Reached skill level 10 in Conjurations
103606 | Geh:6    | Reached skill level 10 in Spellcasting
103966 | Geh:7    | Entered Level 7 of Gehenna
104095 | Geh:7    | Noticed the Serpent of Hell
104113 | Geh:7    | Killed the Serpent of Hell
104237 | Geh:7    | Reached skill level 10 in Translocations
105111 | Geh:7    | Got a pitted long sword {venom}
105112 | Geh:7    | Identified the +8 long sword of Tuidate {venom, Str+3} (You took it off a balrug on level 7 of Gehenna)
105839 | Geh:7    | Reached skill level 10 in Dodging
106269 | Geh:7    | Noticed Asmodeus
106359 | Geh:7    | Killed Asmodeus
106361 | Geh:7    | Got a steaming lapis lazuli ring
106362 | Geh:7    | Identified the ring "Baaddose" {+Fly rPois} (You took it off Asmodeus on level 7 of Gehenna)
106398 | Geh:7    | Got an obsidian rune of Zot
107118 | Tar:1    | Entered Level 1 of Tartarus
107235 | Tar:1    | Gained mutation: You are dopey. (Int -2) [mutagenic glow]
107291 | Tar:1    | Gained mutation: You are very dopey. (Int -4) [mutagenic glow]
107955 | Tar:1    | Cast into level 2 of the Abyss (hell knight)
108153 | Tar:1    | Escaped the Abyss
109038 | Tar:2    | Reached skill level 15 in Conjurations
109539 | Tar:2    | Gained mutation: You are very robust (+20% HP). [evolution]
110456 | Tar:3    | Reached skill level 15 in Spellcasting
112030 | Tar:4    | Reached skill level 15 in Dodging
114885 | Tar:7    | Entered Level 7 of Tartarus
115062 | Tar:7    | Reached skill level 5 in Hexes
115269 | Tar:7    | Paralysed by a vampire knight for 5 turns
116102 | Tar:7    | Identified the Volume of Earth and Weightlessness (You found it on level 7 of Tartarus)
116106 | Tar:7    | Learned a level 2 spell: Passwall
116357 | Tar:7    | Noticed Ereshkigal
116771 | Tar:7    | Paralysed by Ereshkigal for 4 turns
116790 | Tar:7    | Killed Ereshkigal
116814 | Tar:7    | Got a bone rune of Zot
117106 | Tar:7    | Got a heavily runed bronze ring
117107 | Tar:7    | Identified the ring of the Briny Deep {Fire Str+2 Dex+3} (You found it on level 7 of Tartarus)
117111 | Tar:7    | Got a scorched cloak
117112 | Tar:7    | Identified the cursed +0 cloak "Lusaxoas" {rC- Int+6} (You found it on level 7 of Tartarus)
117247 | Tar:7    | Reached skill level 1 in Earth Magic
117507 | Tar:7    | Got a slimy amber ring
117508 | Tar:7    | Identified the ring "Inam" {rPois rF++ rN+} (You found it on level 7 of Tartarus)
117513 | Tar:7    | Identified the Handbook of the Vitriolic Mountains
117518 | Tar:7    | Learned a level 3 spell: Stone Arrow
117743 | Tar:7    | Gained mutation: You tend to lose your temper in combat. [mutagenic glow]
117882 | Zig:1    | Entered Level 1 of a ziggurat
117901 | Zig:2    | Entered Level 2 of a ziggurat
117940 | Zig:3    | Entered Level 3 of a ziggurat
117973 | Zig:4    | Entered Level 4 of a ziggurat
118075 | Zig:5    | Entered Level 5 of a ziggurat
118125 | Zig:5    | Identified a +0 rod of inaccuracy (13/13) (You found it on level 4 of a ziggurat)
118202 | Zig:6    | Entered Level 6 of a ziggurat
118244 | Zig:6    | Learned a level 3 spell: Conjure Flame
118262 | Zig:6    | Learned a level 3 spell: Gell's Gravitas
118266 | Zig:6    | Learned a level 3 spell: Confuse
118275 | Zig:7    | Entered Level 7 of a ziggurat
118336 | Zig:7    | Reached skill level 1 in Fire Magic
118338 | Zig:7    | Identified the Almanac of Blistering Orientation (You found it on level 7 of a ziggurat)
118343 | Zig:7    | Learned a level 3 spell: Teleport Other
118410 | Zig:8    | Entered Level 8 of a ziggurat
118540 | Zig:8    | Identified a +2 rod of inaccuracy (12/12) (You found it on level 8 of a ziggurat)
118551 | Zig:9    | Entered Level 9 of a ziggurat
118795 | Zig:10   | Entered Level 10 of a ziggurat
118804 | Zig:10   | Reached skill level 5 in Earth Magic
118829 | Zig:10   | Paralysed by accursed screaming for 2 turns
118887 | Zig:10   | Got a shimmering turquoise ring
118888 | Zig:10   | Identified the ring "Xeqeseet" {Str+3 Stlth-} (You found it on level 10 of a ziggurat)
118895 | Zig:10   | Got a fine amber ring
118896 | Zig:10   | Identified the ring "Osedylu" {MR+ MP+9} (You found it on level 10 of a ziggurat)
119036 | Zig:11   | Entered Level 11 of a ziggurat
119142 | Zig:11   | Learned a level 4 spell: Force Lance
119195 | Zig:12   | Entered Level 12 of a ziggurat
119217 | Zig:12   | Noticed a juggernaut
119217 | Zig:12   | Noticed a juggernaut
119228 | Zig:12   | Killed a juggernaut
119235 | Zig:12   | Killed a juggernaut
119468 | Zig:13   | Entered Level 13 of a ziggurat
119747 | Zig:14   | Entered Level 14 of a ziggurat
119903 | Zig:14   | Learned a level 3 spell: Tukima's Dance
119908 | Zig:14   | Identified a +1 rod of ignition (12/12) (You found it on level 14 of a ziggurat)
119972 | Zig:14   | Identified the Compendium of Translocation and Shape Shifting (You found it on level 14 of a ziggurat)
119985 | Zig:14   | Learned a level 4 spell: Cause Fear
119989 | Zig:14   | Identified Uqey's Catalogue of Virous Good Luck (You found it on level 14 of a ziggurat)
120009 | Zig:15   | Entered Level 15 of a ziggurat
120159 | Zig:15   | Got a scorched lead ring
120160 | Zig:15   | Identified the ring of Acvuts {rPois rF+ MP+9 EV+3 Str-4} (You found it on level 15 of a ziggurat)
120301 | Zig:16   | Entered Level 16 of a ziggurat
120365 | Zig:16   | Gained mutation: You are weak. (Str -2) [a neqoxec]
120369 | Zig:16   | Gained mutation: Your body sometimes deteriorates upon taking damage. [a neqoxec]
120381 | Zig:16   | Paralysed by accursed screaming for 2 turns
120390 | Zig:16   | Paralysed by accursed screaming for 1 turns
120405 | Zig:16   | HP: 13/279 [revenant] (8)]
120753 | Zig:16   | Got an ancient cloak
120764 | Zig:16   | Identified the cursed +0 cloak of the Harp {rF+ MR+ Int+3} (You found it on level 16 of a ziggurat)
120774 | Zig:16   | Identified Usenum's Volume of Burning Weightlessness
120781 | Zig:16   | Learned a level 5 spell: Lightning Bolt
120782 | Zig:16   | Got a spiked cloak
120788 | Zig:16   | Identified the cursed +0 cloak of Qon Fammu {rN+++ Str+4 Dex-5 Stlth-} (You found it on level 16 of a ziggurat)
120798 | Zig:16   | Got a faintly glowing bronze ring
120799 | Zig:16   | Identified the ring "Wuivahyr" {*Drain rC+ EV+2 Str+6} (You found it on level 16 of a ziggurat)
120801 | Zig:16   | Identified the Handbook of Assistive Sinister Rituals (You found it on level 16 of a ziggurat)
120892 | Pan      | Entered Pandemonium
120949 | Pan      | Gained mutation: Potions and wands are poor at restoring your health. [a neqoxec]
120950 | Pan      | Gained mutation: Armour fits poorly on your strangely shaped body. [a neqoxec]
121118 | Pan      | Found an exit through the horrors of the Abyss.
121334 | Pan      | Found a huge runed gate.
121649 | Pan      | Noticed Eruiwn the pandemonium lord
121672 | Pan      | Killed Eruiwn the pandemonium lord
122055 | Pan      | Noticed Daaxoclul the pandemonium lord
122112 | Pan      | Killed Daaxoclul the pandemonium lord
122163 | Pan      | Found a basalt altar of Yredelemnul.
122219 | Pan      | Found an exit through the horrors of the Abyss.
123045 | Pan      | Gained mutation: Your magical capacity is very low (-20% MP). [evolution]
123091 | Pan      | Noticed Jimuw the pandemonium lord
123106 | Pan      | Killed Jimuw the pandemonium lord
123224 | Pan      | Lost mutation: You are weak. (Str -2) [potion of cure mutation]
123224 | Pan      | Lost mutation: You are very robust (+20% HP). [potion of cure mutation]
123224 | Pan      | Lost mutation: Your magical capacity is very low (-20% MP). [potion of cure mutation]
123224 | Pan      | Lost mutation: You are very dopey. (Int -4) [potion of cure mutation]
123224 | Pan      | Lost mutation: You are clumsy. (Dex -2) [potion of cure mutation]
123304 | Pan      | Reached skill level 10 in Earth Magic
123638 | Pan      | Found an exit through the horrors of the Abyss.
123714 | Pan      | Took an exit into the Abyss.
123714 | Abyss:1  | Escaped into the Abyss
123758 | Abyss:1  | Paralysed by accursed screaming for 1 turns
123762 | Abyss:1  | Paralysed by accursed screaming for 1 turns
123770 | Abyss:1  | Paralysed by accursed screaming for 1 turns
123777 | Abyss:1  | Paralysed by accursed screaming for 1 turns
123901 | Depths:5 | Escaped the Abyss
124068 | Pan      | Entered Pandemonium
124201 | Pan      | Noticed Cithugo the pandemonium lord
124212 | Pan      | Killed Cithugo the pandemonium lord
124261 | Pan      | Got a scorched large shield
124262 | Pan      | Identified the +0 large shield "Puattemu" {rElec rF+ MP+9 Dex-3} (You acquired it in Pandemonium)
124375 | Pan      | Learned a level 5 spell: Silence
124383 | Pan      | Lost mutation: Potions and wands are poor at restoring your health. [a cacodemon]
124506 | Pan      | Lost mutation: Potions and wands are less effective at restoring your health. [a cacodemon]
124845 | Pan      | Gained mutation: You often lose your temper in combat. [a cacodemon]
124908 | Pan      | Found an exit through the horrors of the Abyss.
125164 | Pan      | Found an exit through the horrors of the Abyss.
126314 | Pan      | Noticed Matwoc the pandemonium lord
126325 | Pan      | Gained mutation: You have an uncontrollable temper. [a neqoxec]
126374 | Pan      | Killed Matwoc the pandemonium lord
126444 | Pan      | Got a shimmering lead ring
126445 | Pan      | Identified the ring "Etwiaf" {Fragile rElec rPois Int+9 Dex-5} (You found it in Pandemonium)
126493 | Pan      | Noticed Xeocurph the pandemonium lord
126583 | Pan      | Found an exit through the horrors of the Abyss.
126978 | Pan      | Killed Xeocurph the pandemonium lord
126989 | Pan      | Got a demonic rune of Zot
127254 | Pan      | Gained mutation: You are weak. (Str -2) [a cacodemon]
127507 | Pan      | Noticed Ezeas the pandemonium lord
127519 | Pan      | Killed Ezeas the pandemonium lord
127562 | Pan      | Lost mutation: Your spells are a little easier to cast, but a little less powerful. [potion of mutation]
127562 | Pan      | Lost mutation: You are robust (+10% HP). [potion of mutation]
128076 | Pan      | Found an exit through the horrors of the Abyss.
128231 | Pan      | Lost mutation: Your body sometimes deteriorates upon taking damage. [evolution]
128545 | Pan      | Found a glowing silver altar of Zin.
128630 | Pan      | Lost mutation: Armour fits poorly on your strangely shaped body. [potion of cure mutation]
128630 | Pan      | Lost mutation: You possess an exceptional clarity of mind. [potion of cure mutation]
128630 | Pan      | Lost mutation: You are covered in fur (AC +1). [potion of cure mutation]
128660 | Pan      | Lost mutation: You can translocate small distances at will. [potion of cure mutation]
128660 | Pan      | Lost mutation: You are weak. (Str -2) [potion of cure mutation]
128660 | Pan      | Lost mutation: You have an uncontrollable temper. [potion of cure mutation]
128660 | Pan      | Lost mutation: Your system is resistant to poisons. [potion of cure mutation]
129230 | Pan      | Identified a +4 rod of ignition (10/10) (You found it in Pandemonium)
129275 | Pan      | Found a white marble altar of Elyvilon.
129340 | Pan      | Got a crude large shield
129341 | Pan      | Identified the cursed +0 large shield "Uplai" {*Drain Int+8} (You took it off a daeva in Pandemonium)
130414 | Pan      | Got a shimmering iron amulet
130415 | Pan      | Identified the amulet "Nufoeb" {Gourm rPois} (You took it off an angel in Pandemonium)
130643 | Pan      | Noticed a seraph
130691 | Pan      | Killed a seraph
130883 | Pan      | Found a glowing golden altar of the Shining One.
130915 | Pan      | Learned a level 7 spell: Orb of Destruction
130922 | Pan      | Learned a level 6 spell: Iron Shot
130928 | Pan      | Learned a level 5 spell: Bolt of Magma
130935 | Pan      | Identified the Compendium of Evil Secrets
131588 | Pan      | Entered the realm of Mnoleg.
131763 | Pan      | Found an exit through the horrors of the Abyss.
132205 | Pan      | Gained mutation: Your body sometimes deteriorates upon taking damage. [a neqoxec]
132206 | Pan      | Noticed Mnoleg
132210 | Pan      | Gained mutation: You have an uncontrollable temper. [a neqoxec]
132588 | Pan      | Gained mutation: Your spells are a little easier to cast, but a little less powerful. [a cacodemon]
132623 | Pan      | Gained mutation: You are agile. (Dex +2) [a cacodemon]
132668 | Pan      | Killed Mnoleg
132710 | Pan      | Got a glowing rune of Zot
132850 | Pan      | Reached skill level 10 in Hexes
132891 | Pan      | Gained mutation: Your magical capacity is very low (-20% MP). [a neqoxec]
132958 | Pan      | Noticed Gausuhos the pandemonium lord
132977 | Pan      | Killed Gausuhos the pandemonium lord
133174 | Pan      | Found an exit through the horrors of the Abyss.
133724 | Pan      | Found an exit through the horrors of the Abyss.
133812 | Pan      | Gained mutation: Your flesh is heat resistant. [potion of beneficial mutation]
133878 | Pan      | Found a basalt altar of Yredelemnul.
133929 | Pan      | Lost mutation: You have supernaturally acute eyesight. [a neqoxec]
134034 | Pan      | Gained mutation: You are frail (-10% HP). [evolution]
134265 | Pan      | Got an ichor-stained plate armour
134266 | Pan      | Identified the cursed +0 plate armour of Too Many Cooks {*Confuse rF+ MR+ Stlth+} (You found it in Pandemonium)
134339 | Pan      | Gained mutation: Scrolls take you a little longer to read. [a neqoxec]
134736 | Pan      | Found an exit through the horrors of the Abyss.
134852 | Pan      | Noticed Porchaf the pandemonium lord
134870 | Pan      | Killed Porchaf the pandemonium lord
135380 | Pan      | Noticed Aseabye the pandemonium lord
135402 | Pan      | Killed Aseabye the pandemonium lord
135633 | Pan      | Found an exit through the horrors of the Abyss.
136170 | Pan      | Noticed Vido the pandemonium lord
136176 | Pan      | Killed Vido the pandemonium lord
136849 | Pan      | Reached skill level 15 in Earth Magic
136892 | Pan      | Learned a level 5 spell: Yara's Violent Unravelling
136914 | Pan      | Found an exit through the horrors of the Abyss.
137308 | Pan      | Found a runed door.
137326 | Pan      | Found a runed door.
137375 | Pan      | Found a runed door.
137396 | Pan      | Found a runed door.
137633 | Pan      | Found an exit through the horrors of the Abyss.
137957 | Pan      | Noticed Bolaum the pandemonium lord
137966 | Pan      | Killed Bolaum the pandemonium lord
138012 | Pan      | Found a runed door.
138027 | Pan      | Found a runed door.
138239 | Pan      | Found a runed door.
138329 | Pan      | Lost mutation: You are frail (-10% HP). [potion of cure mutation]
138329 | Pan      | Lost mutation: Your flesh is heat resistant. [potion of cure mutation]
138329 | Pan      | Lost mutation: You are agile. (Dex +2) [potion of cure mutation]
138351 | Pan      | Found a runed door.
138358 | Pan      | Found an exit through the horrors of the Abyss.
139123 | Pan      | Noticed Gisiddoz the pandemonium lord
139135 | Pan      | Killed Gisiddoz the pandemonium lord
139467 | Pan      | Noticed Tossemny the pandemonium lord
139480 | Pan      | Killed Tossemny the pandemonium lord
139979 | Pan      | Gained mutation: You are very dopey. (Int -4) [a cacodemon]
140031 | Pan      | Found an exit through the horrors of the Abyss.
140626 | Pan      | Noticed Erukki the pandemonium lord
140636 | Pan      | Killed Erukki the pandemonium lord
141020 | Pan      | Found an exit through the horrors of the Abyss.
141042 | Pan      | Gained mutation: Scrolls take you longer to read. [a cacodemon]
141628 | Pan      | Gained mutation: You are weak. (Str -2) [a cacodemon]
141633 | Pan      | Gained mutation: Armour fits poorly on your strangely shaped body. [a cacodemon]
141731 | Pan      | Learned a level 4 spell: Passage of Golubria
141864 | Pan      | Noticed Teiwk the pandemonium lord
141878 | Pan      | Killed Teiwk the pandemonium lord
142415 | Pan      | Found an exit through the horrors of the Abyss.
142746 | Pan      | Gained mutation: Scrolls take you much longer to read. [a cacodemon]
142799 | Pan      | Lost mutation: You are weak. (Str -2) [evolution]
142995 | Pan      | Found an exit through the horrors of the Abyss.
143116 | Pan      | Noticed Wikhloges the pandemonium lord
143132 | Pan      | Killed Wikhloges the pandemonium lord
143947 | Pan      | Noticed Ruriwoiv the pandemonium lord
143958 | Pan      | Killed Ruriwoiv the pandemonium lord
144339 | Pan      | Found an exit through the horrors of the Abyss.
144518 | Pan      | Entered the realm of Lom Lobon.
144946 | Pan      | Found an exit through the horrors of the Abyss.
145699 | Pan      | Noticed Lom Lobon
145741 | Pan      | Killed Lom Lobon
145848 | Pan      | Got a magical rune of Zot
146006 | Pan      | Entered the realm of Gloorx Vloq.
146006 | Pan      | Found an exit through the horrors of the Abyss.
147113 | Pan      | Noticed Gloorx Vloq
147129 | Pan      | Killed Gloorx Vloq
147449 | Pan      | Got a dark rune of Zot
147967 | Pan      | Found a huge runed gate.
148099 | Pan      | Found an exit through the horrors of the Abyss.
148268 | Pan      | Gained mutation: You are weak. (Str -2) [a neqoxec]
148545 | Pan      | Gained mutation: Your flesh is heat resistant. [a neqoxec]
148629 | Pan      | Noticed Dewnuh the pandemonium lord
148656 | Pan      | Killed Dewnuh the pandemonium lord
148872 | Pan      | Noticed Anyogu the pandemonium lord
148887 | Pan      | Killed Anyogu the pandemonium lord
148913 | Pan      | Identified the Incunabulum of the Manifold Beds (You found it in Pandemonium)
149249 | Pan      | Gained mutation: You regenerate slowly when monsters are visible. [a neqoxec]
149287 | Pan      | Found an exit through the horrors of the Abyss.
149454 | Pan      | Found an exit through the horrors of the Abyss.
149565 | Pan      | Noticed Ignacio
149577 | Pan      | Killed Ignacio
149950 | Pan      | Noticed Larujub the pandemonium lord
149980 | Pan      | Killed Larujub the pandemonium lord
150556 | Pan      | Noticed Kor Wyfe the pandemonium lord
150569 | Pan      | Killed Kor Wyfe the pandemonium lord
150816 | Pan      | Lost mutation: Your body sometimes deteriorates upon taking damage. [potion of cure mutation]
150816 | Pan      | Lost mutation: Armour fits poorly on your strangely shaped body. [potion of cure mutation]
150816 | Pan      | Lost mutation: You are weak. (Str -2) [potion of cure mutation]
150816 | Pan      | Lost mutation: You are very dopey. (Int -4) [potion of cure mutation]
150883 | Pan      | Found an exit through the horrors of the Abyss.
151300 | Pan      | Gained mutation: You are weak. (Str -2) [a neqoxec]
151359 | Pan      | Reached skill level 27 in Spellcasting
151373 | Pan      | Gained mutation: Your magical capacity is extremely low (-30% MP). [a neqoxec]
151450 | Pan      | Noticed Nowuf the pandemonium lord
151466 | Pan      | Killed Nowuf the pandemonium lord
151474 | Pan      | Found an exit through the horrors of the Abyss.
151986 | Pan      | Noticed Ixacs the pandemonium lord
152146 | Pan      | Entered the realm of Cerebov.
152225 | Pan      | Found an exit through the horrors of the Abyss.
152337 | Pan      | Gained mutation: Armour fits poorly on your strangely shaped body. [potion of mutation]
152337 | Pan      | Gained mutation: You are very dopey. (Int -4) [potion of mutation]
152337 | Pan      | Gained mutation: You are occasionally teleported next to monsters. [potion of mutation]
152588 | Pan      | Got a smoking lapis lazuli ring
152592 | Pan      | Identified the ring of Xitwah {rCorr +Inv rElec Str+3} (You found it in Pandemonium)
152601 | Pan      | Got a warped plate armour
152605 | Pan      | Identified the cursed +1 plate armour "Ubodual" {rPois Slay+5 Stlth+} (You found it in Pandemonium)
152643 | Pan      | Identified Vehumet's Collected Works on Attacks (You found it in Pandemonium)
153059 | Pan      | Noticed Cerebov
153079 | Pan      | Killed Cerebov
153110 | Pan      | Got a fiery rune of Zot
153153 | Pan      | Got a bound ruby amulet
153157 | Pan      | Identified the amulet "Kelij" {RegenMP +Fly rF+ MP+9 SInv} (You took it off an efreet in Pandemonium)
153183 | Pan      | Got a fine marble ring
153187 | Pan      | Identified the ring of Eduugg {MR+ AC+2 Dex+2} (You took it off a red devil in Pandemonium)
153484 | Pan      | Took an exit into the Abyss.
153484 | Abyss:1  | Escaped into the Abyss
153485 | Abyss:1  | Found a corrupted altar of Lugonu.
153514 | Abyss:1  | Gained mutation: You passively map a small area around you. [evolution]
153688 | Depths:5 | Escaped the Abyss
154058 | Tomb:1   | Entered Level 1 of the Tomb of the Ancients
154873 | Tomb:1   | Lost mutation: Your spells are a little easier to cast, but a little less powerful. [potion of cure mutation]
154873 | Tomb:1   | Lost mutation: Scrolls take you much longer to read. [potion of cure mutation]
154873 | Tomb:1   | Lost mutation: You passively map a small area around you. [potion of cure mutation]
154873 | Tomb:1   | Lost mutation: You have an uncontrollable temper. [potion of cure mutation]
154873 | Tomb:1   | Lost mutation: Armour fits poorly on your strangely shaped body. [potion of cure mutation]
155472 | Tomb:2   | Noticed a greater mummy
155473 | Tomb:2   | Noticed an ancient lich
155474 | Tomb:2   | Noticed a greater mummy
155475 | Tomb:2   | Noticed a greater mummy
155776 | Tomb:1   | Killed an ancient lich
155842 | Tomb:1   | Noticed a greater mummy
155842 | Tomb:1   | Noticed a greater mummy
155843 | Tomb:1   | Noticed a greater mummy
155843 | Tomb:1   | Noticed a greater mummy
155844 | Tomb:1   | Noticed a greater mummy
156070 | Tomb:1   | Killed a greater mummy
156100 | Tomb:1   | Killed a greater mummy
156109 | Tomb:1   | Killed a greater mummy
156146 | Tomb:1   | Noticed a greater mummy
156146 | Tomb:1   | Noticed a greater mummy
156146 | Tomb:1   | Noticed a greater mummy
156149 | Tomb:1   | Killed a greater mummy
156172 | Tomb:1   | Noticed a greater mummy
156175 | Tomb:1   | Noticed a greater mummy
156175 | Tomb:1   | Killed a greater mummy
156186 | Tomb:1   | Killed a greater mummy
156325 | Tomb:1   | Killed a greater mummy
156325 | Tomb:1   | Reached skill level 15 in Hexes
156328 | Tomb:1   | Noticed a greater mummy
156334 | Tomb:1   | Noticed a greater mummy
156340 | Tomb:1   | Killed a greater mummy
156347 | Tomb:1   | Killed a greater mummy
156358 | Tomb:1   | Killed a greater mummy
156427 | Tomb:1   | Noticed a greater mummy
156443 | Tomb:1   | Killed a greater mummy
156646 | Tomb:1   | Noticed a greater mummy
156657 | Tomb:1   | Killed a greater mummy
156775 | Tomb:1   | Noticed a greater mummy
156786 | Tomb:1   | Killed a greater mummy
156804 | Tomb:1   | Killed a greater mummy
156830 | Tomb:1   | Noticed a greater mummy
156845 | Tomb:1   | Killed a greater mummy
156853 | Tomb:1   | Killed a greater mummy
156925 | Tomb:1   | Noticed a greater mummy
156932 | Tomb:1   | Killed a greater mummy
156952 | Tomb:1   | Killed a greater mummy
157053 | Tomb:1   | Noticed a greater mummy
157058 | Tomb:1   | Noticed a greater mummy
157060 | Tomb:1   | Killed a greater mummy
157072 | Tomb:1   | Killed a greater mummy
157092 | Tomb:1   | Killed a greater mummy
157140 | Tomb:1   | Killed a greater mummy
157370 | Tomb:1   | Noticed a greater mummy
157378 | Tomb:1   | Killed a greater mummy
157521 | Tomb:1   | Noticed a greater mummy
157522 | Tomb:1   | Noticed a greater mummy
157524 | Tomb:1   | Noticed a greater mummy
157534 | Tomb:1   | Killed a greater mummy
157540 | Tomb:1   | Killed a greater mummy
157546 | Tomb:1   | Killed a greater mummy
157550 | Tomb:1   | Noticed a greater mummy
157561 | Tomb:1   | Killed a greater mummy
157704 | Tomb:2   | Noticed Liquid's ghost (legendary DsCK)
157713 | Tomb:2   | Killed Liquid's ghost
157899 | Tomb:2   | Gained mutation: Your skin changes colour to match your surroundings (Stealth). [evolution]
159154 | Tomb:3   | Entered Level 3 of the Tomb of the Ancients
159184 | Tomb:3   | Noticed a greater mummy
159193 | Tomb:3   | Noticed a greater mummy
159197 | Tomb:3   | Noticed a greater mummy
159336 | Tomb:2   | Killed a greater mummy
159479 | Tomb:3   | Noticed a greater mummy
159486 | Tomb:2   | Killed a greater mummy
159513 | Tomb:2   | Killed a greater mummy
160117 | Tomb:2   | Killed a greater mummy
160405 | Tomb:3   | Noticed a greater mummy
160422 | Tomb:2   | Killed a greater mummy
160464 | Tomb:3   | Noticed a greater mummy
160598 | Tomb:2   | Killed a greater mummy
160645 | Tomb:3   | Noticed a greater mummy
160660 | Tomb:3   | Killed a greater mummy
160699 | Tomb:3   | Got a golden rune of Zot
160708 | Tomb:3   | Noticed a greater mummy
160718 | Tomb:3   | Killed a greater mummy
160718 | Tomb:3   | Lost intelligence.
160726 | Tomb:3   | Noticed a greater mummy
160739 | Tomb:3   | Killed a greater mummy
160792 | Tomb:3   | Noticed Liquid's ghost (legendary OgHu)
160850 | Tomb:3   | Killed Liquid's ghost
161248 | Tomb:3   | Identified the Catalogue of Frigorific Protection (You found it on level 3 of the Tomb of the Ancients)
161261 | Tomb:3   | Got a scintillating silver amulet
161264 | Tomb:3   | Identified the amulet "Cakunig" {Dismiss rPois rF+} (You found it on level 3 of the Tomb of the Ancients)
161266 | Tomb:3   | Identified the Catalogue of Fiery Calling
161270 | Tomb:3   | Got a vibrating pewter ring
161273 | Tomb:3   | Identified the ring of Keutre {+Fly rF- MR+ Str+2 Slay+6} (You found it on level 3 of the Tomb of the Ancients)
161279 | Tomb:3   | Identified the Compendium of Creative Unholy Arts
162246 | Slime:1  | Entered Level 1 of the Pits of Slime
162288 | Slime:1  | Gained mutation: You occasionally shout uncontrollably at your foes. [a shining eye]
162291 | Slime:1  | Gained mutation: You sometimes yell uncontrollably at your foes. [a shining eye]
162362 | Slime:2  | Gained mutation: You are robust (+10% HP). [a shining eye]
163037 | Slime:5  | Gained mutation: Your body sometimes deteriorates upon taking damage. [a shining eye]
163049 | Slime:5  | Gained mutation: You are clumsy. (Dex -2) [a shining eye]
163351 | Slime:5  | Gained mutation: Your spells are a little easier to cast, but a little less powerful. [a shining eye]
163354 | Slime:5  | Gained mutation: You are very clumsy. (Dex -4) [a shining eye]
163536 | Slime:6  | Entered Level 6 of the Pits of Slime
163762 | Slime:6  | Noticed the Royal Jelly
163793 | Slime:6  | Killed the Royal Jelly
164430 | Slime:6  | Got a slimy rune of Zot
164497 | Slime:6  | Got a clouded jade ring
164500 | Slime:6  | Identified the ring "Awkaxu" {rF- Str+3 SInv Stlth+} (You found it on level 6 of the Pits of Slime)
164536 | Slime:6  | Got a heavily runed brass ring
164539 | Slime:6  | Identified the ring "Liras" {rPois rC++ Stlth+} (You found it on level 6 of the Pits of Slime)
164542 | Slime:6  | Identified the Collected Works on Unholy Rites (You found it on level 6 of the Pits of Slime)
164602 | Slime:6  | Lost mutation: You are weak. (Str -2) [potion of cure mutation]
164602 | Slime:6  | Lost mutation: Scrolls take you longer to read. [potion of cure mutation]
164602 | Slime:6  | Lost mutation: You sometimes yell uncontrollably at your foes. [potion of cure mutation]
164602 | Slime:6  | Lost mutation: You occasionally shout uncontrollably at your foes. [potion of cure mutation]
164603 | Slime:6  | Lost mutation: You are very clumsy. (Dex -4) [potion of cure mutation]
164603 | Slime:6  | Lost mutation: You regenerate slowly when monsters are visible. [potion of cure mutation]
164603 | Slime:6  | Lost mutation: Your flesh is heat resistant. [potion of cure mutation]
164603 | Slime:6  | Lost mutation: You are clumsy. (Dex -2) [potion of cure mutation]
164603 | Slime:6  | Lost mutation: Your spells are a little easier to cast, but a little less powerful. [potion of cure mutation]
165247 | Zot:5    | Entered Level 5 of the Realm of Zot
165357 | Zot:5    | Found a huge runed gate.
165358 | Zot:5    | Found a huge runed gate.
165358 | Zot:5    | Found a huge runed gate.
165358 | Zot:5    | Found a huge runed gate.
165358 | Zot:5    | Found a huge runed gate.
165358 | Zot:5    | Found a huge runed gate.
165358 | Zot:5    | Found a huge runed gate.
165359 | Zot:5    | Found a huge runed gate.
165376 | Zot:5    | Found a huge runed gate.
165376 | Zot:5    | Found a huge runed gate.
165376 | Zot:5    | Found a huge runed gate.
165376 | Zot:5    | Found a huge runed gate.
165377 | Zot:5    | Found a huge runed gate.
165378 | Zot:5    | Found a huge runed gate.
165379 | Zot:5    | Found a huge runed gate.
165385 | Zot:5    | Found a huge runed gate.
165386 | Zot:5    | Found a huge runed gate.
165403 | Zot:5    | Found a huge runed gate.
165403 | Zot:5    | Found a huge runed gate.
165403 | Zot:5    | Found a huge runed gate.
165403 | Zot:5    | Found a huge runed gate.
165403 | Zot:5    | Found a huge runed gate.
165403 | Zot:5    | Found a huge runed gate.
165404 | Zot:5    | Found a huge runed gate.
165405 | Zot:5    | Found a huge runed gate.
165406 | Zot:5    | Found a huge runed gate.
165438 | Zot:5    | Noticed an ancient lich
165438 | Zot:5    | Noticed an ancient lich
165439 | Zot:5    | Noticed an orb of fire
165439 | Zot:5    | Noticed an orb of fire
165439 | Zot:5    | Noticed an ancient lich
165532 | Zot:5    | Noticed an ancient lich
165541 | Zot:5    | Killed an ancient lich
165727 | Zot:5    | Killed an ancient lich
166014 | Zot:5    | Killed an ancient lich
166171 | Zot:5    | Noticed an orb of fire
166182 | Zot:5    | Gained mutation: Your body often deteriorates upon taking damage. [an orb of fire]
166183 | Zot:5    | Lost mutation: You are robust (+10% HP). [an orb of fire]
166188 | Zot:5    | Gained mutation: You are clumsy. (Dex -2) [an orb of fire]
166192 | Zot:5    | Gained mutation: You are very clumsy. (Dex -4) [an orb of fire]
166199 | Zot:5    | Killed an orb of fire
166321 | Zot:5    | Noticed an ancient lich
166357 | Zot:5    | Killed an ancient lich
166357 | Zot:5    | Reached skill level 1 in Air Magic
166415 | Zot:5    | Noticed an ancient lich
166429 | Zot:5    | Killed an ancient lich
166453 | Zot:5    | Got the Orb of Zot
166527 | Zot:5    | Killed an ancient lich
166601 | Zot:2    | Noticed Jaux the pandemonium lord
167030 | D:$      | Escaped with the Orb!

Skill      XL: |  1  2  3  4  5  6  7  8  9 10 11 12 13 14 15 16 17 18 19 20 21 22 23 24 25 26 27 |
---------------+----------------------------------------------------------------------------------+-----
Long Blades    | 2 3 4 6 7 8 10 12 13 14 15 16 17 18 19 20 21 22 23 27 | 27.0
Shields        | 3 4 5 6 8 9 10 11 12 13 14 15 16 17 18 19 20 21 22 23 27 | 27.0
Armour         | 3 4 5 6 7 8 9 10 11 12 13 14 15 27 | 27.0
Dodging        | 1 2 3 4 5 6 7 8 23 | 23.9
Fighting       | 4 5 6 7 9 10 11 12 13 14 15 16 17 18 19 20 27 | 27.0
Evocations     | 1 5 8 10 11 13 14 15 26 | 26.6
Conjurations   | 25 | 25.9
Hexes          | 17 | 17.2
Transmutations | 1 |  1.2
Unarmed Combat | 1 |  1.0
Throwing       | 1 |  1.0
Spellcasting   | 27 | 27.0
Translocations | 10 | 10.3
Earth Magic    | 22 | 22.1
Fire Magic     | 2 |  2.9
Air Magic      | 1 |  1.7

Action                   |  1- 3 |  4- 6 |  7- 9 | 10-12 | 13-15 | 16-18 | 19-21 | 22-24 | 25-27 || total
-------------------------+-------+-------+-------+-------+-------+-------+-------+-------+-------++-------
Melee: Long sword        |   169 |   231 |   486 |   215 |       |   281 |       |    90 |       ||  1472
       Headbutt          |       |    41 |    89 |   260 |   391 |   317 |   484 |   463 |  6538 ||  8583
       Scimitar          |       |       |       |   838 |  1549 |       |       |       |       ||  2387
       Peck              |       |       |       |    62 |   353 |   274 |   445 |   445 |  6035 ||  7614
       Double sword      |       |       |       |       |   173 |  1158 |  2068 |  1537 |  7511 || 12447
       Katana            |       |       |       |       |       |       |       |       | 11365 || 11365
Throw: Javelin           |       |       |       |       |     1 |       |       |       |       ||     1
 Cast: Passwall          |       |       |       |       |       |       |       |       |    29 ||    29
       Silence           |       |       |       |       |       |       |       |       |     6 ||     6
       Iron Shot         |       |       |       |       |       |       |       |       |     4 ||     4
       Magic Dart        |       |       |       |       |       |       |       |       |     2 ||     2
       Blink             |       |       |       |       |       |       |       |       |     2 ||     2
       Orb of Destructio |       |       |       |       |       |       |       |       |     2 ||     2
Invok: Sacrifice Stealth |       |       |     1 |       |       |       |       |       |       ||     1
       Sacrifice Essence |       |       |     1 |     1 |     2 |       |       |       |       ||     4
       Sacrifice Love    |       |       |       |     1 |       |       |       |       |       ||     1
       Reject Sacrifices |       |       |       |     1 |     1 |       |       |       |       ||     2
       Sacrifice Health  |       |       |       |       |     1 |       |       |       |       ||     1
       Sacrifice Arcana  |       |       |       |       |     1 |       |       |       |       ||     1
       Apocalypse        |       |       |       |       |       |     2 |       |       |     1 ||     3
       Draw Out Power    |       |       |       |       |       |       |     1 |     1 |     5 ||     7
       Power Leap        |       |       |       |       |       |       |       |       |    86 ||    86
 Abil: Evoke Berserk Rag |       |       |       |       |     1 |     1 |     1 |     5 |       ||     8
       Evoke Flight      |       |       |       |       |       |     1 |     5 |       |    14 ||    20
Evoke: Rod               |       |       |       |       |       |       |    13 |     1 |    52 ||    66
       Disc of storms    |       |       |       |       |       |       |       |     3 |       ||     3
       Wand              |       |       |       |       |       |       |       |       |    29 ||    29
  Use: Potion            |     2 |       |     3 |     9 |       |     2 |    17 |       |    44 ||    77
       Scroll            |       |       |     9 |     8 |    16 |     7 |    15 |    25 |    80 ||   160
 Stab: Distracted        |     1 |       |       |     2 |    11 |     9 |     8 |    14 |   140 ||   185
       Confused          |       |       |       |     2 |       |       |       |       |     2 ||     4
       Invisible         |       |       |       |     1 |     7 |    12 |    18 |     7 |   102 ||   147
       Paralysed         |       |       |       |       |       |     8 |    14 |     7 |    48 ||    77
       Sleeping          |       |       |       |       |       |       |       |       |     5 ||     5
       Petrifying        |       |       |       |       |       |       |       |       |     3 ||     3
  Eat: Chunk             |     1 |    11 |    16 |    24 |    28 |     7 |    23 |    13 |    85 ||   208
       Pizza             |       |       |       |     3 |       |     9 |     2 |       |     5 ||    19
       Beef jerky        |       |       |       |     1 |     7 |     3 |     2 |     3 |    10 ||    26
       Fruit             |       |       |       |       |       |     6 |    25 |     3 |    31 ||    65
       Royal jelly       |       |       |       |       |       |     1 |       |     1 |     9 ||    11
       Bread ration      |       |       |       |       |       |       |     1 |       |     4 ||     5
       Meat ration       |       |       |       |       |       |       |       |     3 |    44 ||    47
Armor: Scale mail        |   100 |    43 |       |       |       |       |       |       |       ||   143
       Chain mail        |       |    66 |   289 |   129 |       |       |       |       |       ||   484
       Plate armour      |       |       |       |   465 |   741 |   412 |   715 |   391 |       ||  2724
       Gold dragon armou |       |       |       |       |       |       |       |   187 |  5189 ||  5376
Dodge: Dodged            |    76 |    78 |   147 |   308 |   428 |   102 |   220 |   170 |  3573 ||  5102
Block: Shield            |   100 |   140 |   319 |   597 |   302 |       |       |       |       ||  1458
       Large shield      |       |       |       |       |  1334 |  1233 |  2106 |  1812 | 22761 || 29246
       Reflection        |       |       |       |       |     4 |    73 |       |    23 |   433 ||   533
       Other             |       |       |       |       |       |       |       |       |     3 ||     3
